 Dungeon Crawl Stone Soup version 0.24-a0-420-g24607be9ce (webtiles) character file.

Game seed: 15303449977238456078

1258898 theanonym the Englaciator (level 27, -7/199 HPs)
             Began as a Gargoyle Ice Elementalist on June 10, 2019.
             Was the Champion of Vehumet.
             Killed from afar by the Serpent of Hell (77 damage)
             ... with a crystal spear
             ... on level 7 of the Iron City of Dis on June 11, 2019.
             The game lasted 06:45:44 (105219 turns).

theanonym the Englaciator (GrIE)                  Turns: 105219, Time: 06:45:45

Health: -7/199     AC: 34    Str: 18    XL:     27
Magic:  40/70      EV: 18    Int: 39    God:    Vehumet [******]
Gold:   1216       SH: 18    Dex: 12    Spells: 9/76 levels left

rFire    + + .     SeeInvis +   c - staff of earth
rCold    + + +     Gourm    .   N - +5 shield {AC+3}
rNeg     + + +     Faith    .   O - +2 robe "Southaf" {Int+7}
rPois    ∞         Spirit   .   R - +0 mask of the Dragon {MR+ Slay+3 SInv}
rElec    +         Reflect  .   J - scarf {rC+ rF+}
rCorr    .         Harm     .   o - +2 pair of gloves of Hysteria {rElec Int+2}
MR       ++++.                  Z - +1 pair of boots "Ipupn" {Str+3}
Stlth    +++.......             I - amulet "Sooll" {RegenMP rC+}
HPRegen  0.43/turn              s - ring of Utrizai {rN++ MP+9 Int+2 Dex+2}
MPRegen  0.67/turn              U - ring "Xasufag" {rPois rF+ MP+9 Stlth+}

@: aura of abjuration, flying
A: antennae 1, big wings, cold resistance 1, magic resistance 1, negative energy
resistance 1, electricity resistance, strong 1, unbreathing, petrification
resistance, rot immunity, MP-powered wands, AC +20
}: 12/15 runes: decaying, serpentine, slimy, silver, obsidian, bone, abyssal,
demonic, glowing, magical, fiery, dark
a: Stop Flying, Renounce Religion


Innate Abilities, Weirdness & Mutations

You are resistant to torment.
Your stone body is resilient. (AC +20)
You are immune to poison.
Your large and strong wings let you fly indefinitely.
You resist negative energy. (rN+)
You are resistant to electric shocks. (rElec)
You can survive without breathing.
You are immune to petrification.
You are immune to rotting.
You have a pair of small antennae on your head.
Your flesh is cold resistant. (rC+)
You are resistant to hostile enchantments. (MR+)
Your muscles are strong. (Str +2)
You expend magic power (3 MP) to strengthen your wands.


   Skills:
 O Level 27 Fighting
 - Level 10.0 Armour
 - Level 10.4 Dodging
 - Level 2.1 Stealth
 - Level 15.0 Shields
 - Level 25.2 Spellcasting
 - Level 22.0 Conjurations
 - Level 8.7 Charms
 - Level 12.4 Summonings
 - Level 7.4 Necromancy
 - Level 6.0 Translocations
 O Level 27 Ice Magic
 - Level 20.1 Air Magic
 - Level 22.0 Earth Magic
   Level 3.4 Poison Magic
 + Level 26.7 Evocations


You had 9 spell levels left.
You knew the following spells:

 Your Spells              Type           Power        Failure   Level  Hunger
a - Lehudib's Crystal Sp  Conj/Erth      ########..   1%          8    None
b - Bolt of Cold          Conj/Ice       ########..   0%          6    None
c - Glaciate              Conj/Ice       ########..   1%          9    #......
d - Tornado               Air            ########..   3%          9    #......
e - Airstrike             Air            ########..   0%          4    None
f - Dispel Undead         Necr           #######.     1%          5    None
l - Blink                 Tloc           N/A          1%          2    None
p - Shatter               Erth           ########..   1%          9    #......
q - Apportation           Tloc           ######       1%          1    None
r - Regeneration          Chrm/Necr      #######...   1%          3    None
t - Deflect Missiles      Chrm/Air       ########..   1%          6    None
x - Aura of Abjuration    Summ           #######...   1%          5    None

Your spell library contained the following spells:

 Spells                   Type           Power        Failure   Level  Hunger
 Chain Lightning          Conj/Air       ########..   1%          8    None
 Flame Tongue             Conj/Fire      #####        0%          1    None
 Freeze                   Ice            ####         0%          1    None
 Infusion                 Chrm           ####         0%          1    None
 Magic Dart               Conj           ####         0%          1    None
 Sandblast                Erth           ######       0%          1    None
 Shock                    Conj/Air       ####         0%          1    None
 Sting                    Conj/Pois      ####         0%          1    None
 Summon Butterflies       Summ           #######.     0%          1    None
 Summon Small Mammal      Summ           ####         0%          1    None
 Call Imp                 Summ           #######.     0%          2    None
 Ensorcelled Hibernation  Hex/Ice        ######       0%          2    None
 Passwall                 Tmut/Erth      ########     0%          2    None
 Poisonous Vapours        Pois/Air       ######       0%          2    None
 Searing Ray              Conj           ######       0%          2    None
 Song of Slaying          Chrm           #######.     0%          2    None
 Swiftness                Chrm/Air       ########     0%          2    None
 Throw Frost              Conj/Ice       ######       0%          2    None
 Call Canine Familiar     Summ           #######.     0%          3    None
 Conjure Flame            Conj/Fire      #######.     0%          3    None
 Dazzling Spray           Conj/Hex       ######       0%          3    None
 Mephitic Cloud           Conj/Pois/Air  ########     0%          3    None
 Ozocubu's Armour         Chrm/Ice       ########     0%          3    None
 Static Discharge         Conj/Air       ########     0%          3    None
 Stone Arrow              Conj/Erth      ######       0%          3    None
 Force Lance              Conj/Tloc      ########     0%          4    None
 Ice Form                 Ice/Tmut       ########     0%          4    None
 Iskenderun's Mystic Bla  Conj           ########     0%          4    None
 Summon Ice Beast         Ice/Summ       ########     0%          4    None
 Summon Lightning Spire   Summ/Air       ########     0%          4    None
 Throw Icicle             Conj/Ice       ########     0%          4    None
 Iskenderun's Battlesphe  Conj/Chrm      ########     0%          5    None
 Lee's Rapid Deconstruct  Erth           ########..   0%          5    None
 Lightning Bolt           Conj/Air       ########..   0%          5    None
 Conjure Ball Lightning   Conj/Air       ########..   0%          6    None
 Freezing Cloud           Conj/Ice/Air   ########..   0%          6    None
 Iron Shot                Conj/Erth      ########..   0%          6    None
 Ozocubu's Refrigeration  Ice            ########..   0%          6    None
 Animate Skeleton         Necr           N/A          1%          1    None
 Beastly Appendage        Tmut           #####.       1%          1    None
 Confusing Touch          Hex            #####.       1%          1    None
 Corona                   Hex            #####..      1%          1    None
 Pain                     Necr           ####         1%          1    None
 Corpse Rot               Necr           N/A          1%          2    None
 Shroud of Golubria       Chrm/Tloc      ######       1%          2    None
 Slow                     Hex            #####...     1%          2    None
 Sticks to Snakes         Tmut           #####...     1%          2    None
 Confuse                  Hex            #####...     1%          3    None
 Gell's Gravitas          Tloc           #######...   1%          3    None
 Ignite Poison            Fire/Tmut/Pois ######..     1%          3    None
 Lesser Beckoning         Tloc           #######...   1%          3    None
 Portal Projectile        Hex/Tloc       ######       1%          3    None
 Recall                   Summ/Tloc      N/A          1%          3    None
 Spectral Weapon          Hex/Chrm       ######..     1%          3    None
 Spider Form              Tmut/Pois      ######....   1%          3    None
 Summon Guardian Golem    Hex/Summ       #######.     1%          3    None
 Teleport Other           Tloc           #######.     1%          3    None
 Tukima's Dance           Hex            #####...     1%          3    None
 Vampiric Draining        Necr           #######...   1%          3    None
 Animate Dead             Necr           N/A          1%          4    None
 Fulminant Prism          Conj/Hex       #######...   1%          4    None
 Leda's Liquefaction      Hex/Erth       ########..   1%          4    None
 Olgreb's Toxic Radiance  Pois           ######..     1%          4    None
 Passage of Golubria      Tloc           N/A          1%          4    None
 Petrify                  Tmut/Erth      ########     1%          4    None
 Agony                    Necr           #######.     1%          5    None
 Bolt of Draining         Conj/Necr      ########..   1%          5    None
 Bolt of Magma            Conj/Fire/Erth ########..   1%          5    None
 Borgnjor's Vile Clutch   Necr/Erth      ########..   1%          5    None
 Excruciating Wounds      Chrm/Necr      #######...   1%          5    None
 Fireball                 Conj/Fire      #######...   1%          5    None
 Irradiate                Conj/Tmut      #######...   1%          5    None
 Metabolic Englaciation   Hex/Ice        ########..   1%          5    None
 Silence                  Hex/Air        #######...   1%          5    None
 Summon Demon             Summ           #######...   1%          5    None
 Summon Forest            Summ/Tloc      #######...   1%          5    None
 Summon Mana Viper        Hex/Summ       #######.     1%          5    None
 Venom Bolt               Conj/Pois      #######...   1%          5    None
 Bolt of Fire             Conj/Fire      #######...   1%          6    None
 Poison Arrow             Conj/Pois      #######...   1%          6    None
 Shadow Creatures         Summ           N/A          1%          6    None
 Simulacrum               Ice/Necr       ########..   1%          6    None
 Monstrous Menagerie      Summ           #######...   1%          7    None
 Orb of Destruction       Conj           ########..   1%          7    None
 Spellforged Servitor     Conj/Summ      ########..   1%          7    None
 Summon Greater Demon     Summ           #######...   1%          7    None
 Summon Hydra             Summ           #######...   1%          7    None
 Death Channel            Necr           #######...   2%          6    None
 Yara's Violent Unravell  Hex/Tmut       #####.....   3%          5    None
 Cause Fear               Hex            #####.....   4%          4    None
 Alistair's Intoxication  Tmut/Pois      ######..     5%          5    None
 Dispersal                Tloc           #######...   5%          6    None
 Haunt                    Necr/Summ      #######...   5%          7    None
 Malign Gateway           Summ/Tloc      #######...   8%          7    None
 Blade Hands              Tmut           #####.....   11%         5    None
 Summon Horrible Things   Summ           #######...   16%         8    None
 Ring of Flames           Chrm/Fire      ######....   50%         7    None
 Darkness                 Hex            #####.....   52%         6    None
 Hydra Form               Tmut           #####.....   52%         6    None
 Invisibility             Hex            #####...     52%         6    None
 Death's Door             Chrm/Necr      #######...   67%         8    None
 Fire Storm               Conj/Fire      #######...   71%         9    #......
 Borgnjor's Revivificati  Necr           #######...   77%         8    None
 Infestation              Necr           #######...   77%         8    None
 Controlled Blink         Tloc           N/A          92%         8    None
 Disjunction              Tloc           #######...   92%         8    None
 Dragon's Call            Summ           #######...   94%         9    #......
 Dragon Form              Tmut           #####.....   98%         7    None
 Ignition                 Fire           #####.....   99%         8    None
 Necromutation            Tmut/Necr      ######....   99%         8    None
 Discord                  Hex            #####.....   100%        8    None
 Sublimation of Blood     Necr           Unusable     N/A         2    N/A
 Statue Form              Tmut/Erth      Unusable     N/A         6    N/A

Skill      XL: |  1  2  3  4  5  6  7  8  9 10 11 12 13 14 15 16 17 18 19 20 21 22 23 24 25 26 27 |
---------------+----------------------------------------------------------------------------------+-----
Conjurations   | 2 3 4 5 7 8 9 10 11 12 15 17 19 21 22 | 22.0
Spellcasting   | 3 4 5 7 8 9 10 11 12 13 15 16 18 19 25 | 25.2
Ice Magic      | 4 5 6 7 8 9 10 11 12 13 15 16 18 20 21 22 27 | 27.0
Armour         | 2 3 4 5 6 10 | 10.0
Shields        | 3 4 8 11 13 14 15 | 15.0
Translocations | 3 4 6 |  6.0
Air Magic      | 2 3 4 5 6 20 | 20.1
Poison Magic   | 3 |  3.4
Fighting       | 3 6 8 10 11 12 13 14 15 16 17 27 | 27.0
Charms         | 4 5 6 8 |  8.7
Earth Magic    | 4 7 8 9 10 22 | 22.0
Necromancy     | 2 4 5 7 |  7.4
Evocations     | 6 26 | 26.7
Dodging        | 10 | 10.4
Summonings     | 12 | 12.4
Stealth        | |  2.1

Action                   |  1- 3 |  4- 6 |  7- 9 | 10-12 | 13-15 | 16-18 | 19-21 | 22-24 | 25-27 || total
-------------------------+-------+-------+-------+-------+-------+-------+-------+-------+-------++-------
Melee: Unarmed           |     4 |       |       |       |       |       |       |       |       ||     4
       Dagger            |    49 |    96 |   152 |   296 |       |       |    92 |   100 |       ||   785
       Club              |     5 |       |       |       |       |       |       |       |       ||     5
       Whip              |       |       |   120 |    97 |       |       |       |       |       ||   217
       Hunting sling     |       |       |       |       |     5 |       |       |       |       ||     5
       Staff             |       |       |       |       |       |       |       |       |   192 ||   192
 Fire: Hunting sling     |       |       |       |   144 |   591 |   660 |   202 |       |       ||  1597
 Cast: Freeze            |    44 |   101 |   220 |   435 |   140 |       |       |       |       ||   940
       Ozocubu's Armour  |       |     1 |       |     9 |    11 |     6 |       |     3 |       ||    30
       Throw Frost       |       |       |     3 |    17 |    63 |    15 |       |       |       ||    98
       Throw Icicle      |       |       |    18 |    58 |    82 |       |       |       |       ||   158
       Mephitic Cloud    |       |       |     2 |    10 |     4 |       |       |       |       ||    16
       Freezing Cloud    |       |       |       |     8 |   104 |    70 |   104 |    70 |       ||   356
       Airstrike         |       |       |       |     4 |    35 |    44 |    79 |     8 |    62 ||   232
       Blink             |       |       |       |     1 |     3 |     2 |       |     1 |     6 ||    13
       Bolt of Cold      |       |       |       |       |   102 |   274 |   384 |   334 |   569 ||  1663
       Iron Shot         |       |       |       |       |    39 |    38 |    46 |   102 |   535 ||   760
       Deflect Missiles  |       |       |       |       |       |     3 |     4 |     6 |    14 ||    27
       Regeneration      |       |       |       |       |       |     5 |     7 |    12 |    96 ||   120
       Apportation       |       |       |       |       |       |     1 |       |       |    19 ||    20
       Glaciate          |       |       |       |       |       |       |       |    61 |   626 ||   687
       Lehudib's Crystal |       |       |       |       |       |       |       |       |   224 ||   224
       Shatter           |       |       |       |       |       |       |       |       |   122 ||   122
       Tornado           |       |       |       |       |       |       |       |       |    67 ||    67
       Aura of Abjuratio |       |       |       |       |       |       |       |       |    14 ||    14
 Abil: Fly               |       |       |       |       |     1 |       |       |       |     4 ||     5
       Stop Flying       |       |       |       |       |       |       |       |     1 |     4 ||     5
Evoke: Wand              |       |       |     9 |     3 |     9 |     1 |       |     1 |     6 ||    29
       Lamp of fire      |       |       |       |       |       |     1 |     1 |       |       ||     2
       Staff of energy   |       |       |       |       |       |       |       |       |    85 ||    85
       Staff of Wucad Mu |       |       |       |       |       |       |       |       |   104 ||   104
       Box of beasts     |       |       |       |       |       |       |       |       |     4 ||     4
       Sack of spiders   |       |       |       |       |       |       |       |       |     2 ||     2
  Use: Scroll            |     5 |     5 |     7 |    18 |    14 |     6 |    15 |     7 |    68 ||   145
       Potion            |       |       |     3 |       |     3 |     2 |     3 |     1 |    39 ||    51
 Stab: Sleeping          |     1 |       |     1 |       |       |       |       |       |       ||     2
       Distracted        |       |       |       |       |       |       |       |       |     2 ||     2
  Eat: Chunk             |     3 |     6 |    13 |    14 |    57 |    21 |    20 |    31 |    62 ||   227
       Ration            |       |       |     3 |    10 |    11 |    14 |     5 |     4 |    60 ||   107
Armor: Leather armour    |    33 |    21 |       |    14 |       |       |       |       |       ||    68
       Ring mail         |       |    93 |   248 |   301 |       |       |       |       |       ||   642
       Robe              |       |       |       |    89 |   261 |   207 |    79 |   128 |   631 ||  1395
Dodge: Dodged            |    51 |   120 |   234 |   498 |   211 |   200 |    80 |    88 |   546 ||  2028
       Deflected         |       |       |       |       |       |    29 |    35 |    46 |   127 ||   237
Block: Buckler           |       |       |   106 |   149 |       |       |       |       |       ||   255
       Shield            |       |       |       |       |   348 |   427 |   268 |   197 |   969 ||  2209
       Reflection        |       |       |       |       |       |    27 |    61 |       |       ||    88

Inventory:

Hand Weapons
 b - the +9 staff of Wucad Mu {channel}
Armour
 i - the +0 cloak "Macir" {rElec rC++ Slay-2 Stlth+}

   It affects your accuracy and damage with ranged weapons and melee attacks
   (-2).
   It greatly protects you from cold.
   It insulates you from electricity.
   It makes you more stealthy.
 o - the +2 pair of gloves of Hysteria (worn) {rElec Int+2}

   It affects your intelligence (+2).
   It insulates you from electricity.
 J - a scarf of resistance (worn)
 N - a +5 shield of protection (worn)
 O - the +2 robe "Southaf" (worn) {Int+7}

   It affects your intelligence (+7).
 R - the +0 mask of the Dragon (worn) {MR+ Slay+3 SInv}

   It affects your accuracy and damage with ranged weapons and melee attacks
   (+3).
   It affects your resistance to hostile enchantments.
   It lets you see invisible.
 Z - the +1 pair of boots "Ipupn" (worn) {Str+3}

   It affects your strength (+3).
Magical Staves
 a - an uncursed staff of conjuration
 c - an uncursed staff of earth (weapon)
Jewellery
 s - the ring of Utrizai (left hand) {rN++ MP+9 Int+2 Dex+2}

   [ring of intelligence]

   It affects your intelligence (+2).
   It affects your dexterity (+2).
   It greatly protects you from negative energy.
   It affects your magic capacity (+9).
 x - the ring of Duecvag {rN+ MR- Int+4 Stlth+}

   [ring of positive energy]

   It affects your intelligence (+4).
   It protects you from negative energy.
   It affects your resistance to hostile enchantments.
   It makes you more stealthy.
 E - the amulet of Paka {rF+ Regen+ Dex+5}

   [amulet of regeneration]

   It affects your dexterity (+5).
   It protects you from fire.
   It increases your rate of regeneration.
 I - the amulet "Sooll" (around neck) {RegenMP rC+}

   [amulet of magic regeneration]

   It increases your magic regeneration.
   It protects you from cold.
 P - the ring "Siaryjio" {Wiz rPois rN+ Int+4}

   [ring of wizardry]

   It improves your spell success rate.
   It affects your intelligence (+4).
   It protects you from poison.
   It protects you from negative energy.
 U - the ring "Xasufag" (right hand) {rPois rF+ MP+9 Stlth+}

   [ring of stealth]

   It protects you from fire.
   It protects you from poison.
   It affects your magic capacity (+9).
   It makes you more stealthy.
Wands
 d - a wand of digging (3)
 v - a wand of acid (24)
Scrolls
 f - 11 scrolls of fog
 n - 46 scrolls of remove curse
 r - 10 scrolls of identify
 t - 35 scrolls of teleportation
 y - 8 scrolls of magic mapping
 B - 21 scrolls of blinking
 M - 9 scrolls of immolation
 S - 6 scrolls of amnesia
 W - 6 scrolls of enchant armour
 Y - 2 scrolls of summoning
Potions
 g - 8 potions of magic
 h - 2 potions of haste
 j - 9 potions of agility
 k - 5 potions of resistance
 q - 22 potions of heal wounds
 u - 6 potions of ambrosia
 w - 50 potions of curing
 z - 3 potions of brilliance
 A - 5 potions of cancellation
 F - 10 potions of mutation
 T - 8 potions of invisibility
 V - 18 potions of lignification
Miscellaneous
 m - 12 sacks of spiders
 p - a lamp of fire
 C - a +1 figurine of a ziggurat
 D - 9 phantom mirrors
 G - a phial of floods
 H - the horn of Geryon
 L - 9 boxes of beasts
 X - a lightning rod (4/4)
Comestibles
 e - 40 rations


You were on level 7 of the Iron City of Dis.
You worshipped Vehumet.
Vehumet was exalted by your worship.
You were very full.

You visited 16 branches of the dungeon, and saw 79 of its levels.
You visited Pandemonium 1 time, and saw 16 of its levels.
You visited the Abyss 1 time.
You completed 1 ziggurat, and saw 27 of its levels.
You also visited: Trove, Sewer and Ice Cave.

You collected 10806 gold pieces.
You spent 9590 gold pieces at shops.

Dungeon Overview and Level Annotations

Branches:
Dungeon (15/15)            Temple (1/1) D:5            Lair (6/6) D:11
  Swamp (4/4) Lair:4        Snake (4/4) Lair:3        Slime (5/5) Lair:6
    Orc (2/2) D:12            Elf (3/3) Orc:2        Vaults (5/5) D:13
  Crypt (3/3) Vaults:3       Tomb (0/3) Crypt:3      Depths (5/5) D:15
   Hell (1/1)                 Dis (7/7) Hell            Geh (7/7) Hell
    Coc (0/7) Hell            Tar (7/7) Hell            Zot (5/5) Depths:5

Altars:
Ashenzari
Cheibriados
Dithmenos
Elyvilon
Fedhas
Gozag
Hepliaklqana
Kikubaaqudgha
Makhleb
Nemelex Xobeh
Okawaru
Qazlal
Ru
Sif Muna
Trog
Uskayaw
Vehumet
Wu Jian
Xom
Yredelemnul
Zin
The Shining One
Beogh

Shops:
D:4 [   D:8 (   Orc:1 =   Orc:2 [[*(:   Elf:2 ?   Vaults:1 *%*(!   Vaults:2 }[[
Vaults:3 *   Vaults:5 }[}   Zot:5 *   Depths:1 ==}   Depths:3 *

Portals:
Hell: Depths:1 Depths:2 Depths:3 Depths:4 Depths:5
Abyss: Depths:4
Pandemonium: Depths:1 Depths:3

Annotations:
Dis:7 Serpent of Hell

***,,,,,,*####........#,,,****,,*
******,,,.............)###*,***,*
,*******,#....)............,,****
,,,,,****.....^.Z....h.....,,,***
,,,,,,,**#.................,,,,**
,,,,,,,,,*,................,,,,,'
**,,,,,,,**+#.............,,,,,,*
,***,,,,,,,,*#............,,,,,,,
*,,**,,,,,,,,*#.@......)#.#*,,,,,
,**,*,,,,......†D.....)$...*,,,,,
,,*,**,8,.....D.D....#[$...*,,,,,
,,**,*,,,........1...#,$...*,,,,,
,,**,*,,,......##1.....*###*,,,,,
,,*,**,8,......*#.1.....,,,,,,,,,
,**,*,,,,......*........,,,,,,,,,
*,,**,8,,.....##..).#...,,,,,,,,,
,***,,,,,,*****...#,,+..,,,,,,,,,


You could see the Serpent of Hell, a Hell Sentinel, 2 shadow dragons, a
Brimstone Fiend, an Ice Fiend, a hell hound and a wolf spider zombie.

Notes
Turn   | Place    | Note
-------+----------+-------------------------------------------
     0 | D:1      | theanonym the Gargoyle Ice Elementalist began the quest for
                  | the Orb.
     0 | D:1      | Reached XP level 1. HP: 10/10 MP: 3/3
   339 | D:1      | Reached XP level 2. HP: 15/15 MP: 1/5
   396 | D:1      | Learned a level 2 spell: Throw Frost
  1128 | D:2      | Reached XP level 3. HP: 19/19 MP: 3/6
  1140 | D:2      | Learned a level 3 spell: Ozocubu's Armour
  1297 | D:2      | Reached skill level 2 in Conjurations
  1601 | D:2      | Reached XP level 4. HP: 24/24 MP: 3/8
  1773 | D:3      | Reached skill level 3 in Spellcasting
  1845 | D:3      | Found a glowing drain.
  1911 | Sewer    | Entered a sewer
  1942 | Sewer    | Reached skill level 4 in Ice Magic
  2015 | Sewer    | Reached XP level 5. HP: 28/28 MP: 5/9
  2183 | Sewer    | Learned a level 4 spell: Throw Icicle
  2220 | Sewer    | Reached skill level 3 in Conjurations
  2561 | Sewer    | Reached XP level 6. HP: 28/32 MP: 6/11
  2563 | Sewer    | HP: 15/32 [bullfrog (5)]
  2567 | Sewer    | Reached skill level 1 in Armour
  2568 | Sewer    | HP: 9/32 [bullfrog (4)]
  2744 | Sewer    | HP: 16/32 [bullfrog (6)]
  3004 | D:3      | Reached skill level 4 in Spellcasting
  3194 | D:3      | Reached skill level 2 in Armour
  3732 | D:4      | Noticed a phantom
  3738 | D:4      | Reached skill level 4 in Conjurations
  3738 | D:4      | Reached XP level 7. HP: 27/36 MP: 7/13
  3849 | D:4      | Reached skill level 5 in Ice Magic
  3952 | D:4      | Found Unte's Armour Emporium.
  3958 | D:4      | Bought a +0 buckler for 63 gold pieces
  3987 | D:4      | Reached skill level 1 in Shields
  4105 | D:4      | Noticed Pikel
  4208 | D:3      | HP: 16/36 [slave[Pikel] (7)]
  4216 | D:3      | HP: 15/36 [slave[Pikel] (1)]
  4222 | D:3      | HP: 15/36 [slave[Pikel] (1)]
  4232 | D:3      | HP: 17/36 [slave[Pikel] (1)]
  4361 | D:4      | Killed Pikel
  4361 | D:4      | Reached skill level 3 in Armour
  4361 | D:4      | Reached skill level 3 in Shields
  4361 | D:4      | Reached XP level 8. HP: 38/41 MP: 3/15
  4408 | D:4      | HP: 20/41 [phantom (2)]
  4416 | D:4      | HP: 16/41 [phantom (5)]
  4436 | D:4      | Reached skill level 5 in Conjurations
  5170 | D:4      | Reached skill level 4 in Armour
  5170 | D:4      | Reached skill level 4 in Shields
  5170 | D:4      | Reached skill level 5 in Spellcasting
  5201 | D:4      | Found Unte's Armour Emporium.
  5884 | D:5      | Entered Level 5 of the Dungeon
  5960 | D:5      | Reached skill level 6 in Ice Magic
  6080 | D:5      | Found a staircase to the Ecumenical Temple.
  6086 | Temple   | Entered the Ecumenical Temple
  6363 | Temple   | Became a worshipper of Vehumet
  6383 | D:5      | Noticed Menkaure
  6392 | D:5      | HP: 19/41 [Menkaure (10)]
  6397 | D:5      | HP: 15/41 [Menkaure/nerve-wracking pain (4)]
  6407 | D:5      | Killed Menkaure
  6409 | D:5      | Reached XP level 9. HP: 25/45 MP: 1/16
  6569 | D:5      | Learned a level 3 spell: Mephitic Cloud
  6572 | D:5      | Learned a level 2 spell: Blink
  6826 | Temple   | Reached skill level 6 in Conjurations
  7224 | D:6      | Noticed Sigmund
  7282 | D:6      | Reached skill level 5 in Armour
  7310 | D:6      | Reached * piety under Vehumet
  7310 | D:6      | Offered knowledge of Flame Tongue by Vehumet.
  7310 | D:6      | Reached skill level 1 in Translocations
  7310 | D:6      | Reached skill level 1 in Air Magic
  7310 | D:6      | Reached skill level 1 in Poison Magic
  7430 | D:5      | HP: 19/45 [ogre/+0 giant club (20)]
  7435 | D:5      | HP: 13/45 [centaur (7)]
  7671 | D:6      | Killed Sigmund
  7800 | D:6      | Reached skill level 2 in Poison Magic
  7867 | D:6      | Reached skill level 2 in Translocations
  8270 | D:7      | Reached skill level 2 in Air Magic
  8354 | D:7      | HP: 22/45 [orc priest/divine providence (12)]
  8355 | D:7      | Reached skill level 7 in Ice Magic
  8753 | D:7      | Offered knowledge of Searing Ray by Vehumet.
  8796 | D:7      | Found a blossoming altar of Fedhas.
  8934 | D:8      | Reached ** piety under Vehumet
  8934 | D:8      | Noticed Prince Ribbit
  9049 | D:8      | Noticed Prince Ribbit
  9049 | D:8      | Prince Ribbit changed into Prince Ribbit the harpy
  9052 | D:8      | Killed Prince Ribbit the harpy
  9052 | D:8      | Reached skill level 7 in Conjurations
  9052 | D:8      | Reached skill level 3 in Translocations
  9052 | D:8      | Reached skill level 3 in Poison Magic
  9052 | D:8      | Reached XP level 10. HP: 45/50 MP: 4/17
  9176 | D:8      | Found Tavobl Yczu's Weapon Shoppe.
  9252 | D:8      | HP: 25/51 [necrophage (1)]
  9254 | D:8      | Reached skill level 3 in Air Magic
  9448 | D:8      | Reached skill level 1 in Fighting
 10294 | D:8      | Reached skill level 2 in Fighting
 10520 | D:9      | Reached skill level 4 in Translocations
 10626 | D:9      | HP: 24/54 [soldier ant (6)]
 10851 | D:9      | Reached skill level 8 in Conjurations
 10982 | D:9      | Reached skill level 3 in Fighting
 10982 | D:9      | Reached skill level 8 in Ice Magic
 10987 | D:9      | Offered knowledge of Inner Flame by Vehumet.
 11000 | D:9      | Found a basalt altar of Yredelemnul.
 11186 | D:9      | Noticed Psyche
 11197 | D:9      | Killed Psyche
 11396 | D:9      | Reached *** piety under Vehumet
 11708 | D:9      | Reached XP level 11. HP: 57/60 MP: 14/19
 11712 | D:9      | Reached skill level 4 in Fighting
 11781 | D:9      | Reached skill level 6 in Spellcasting
 12381 | D:10     | Entered Level 10 of the Dungeon
 12410 | D:10     | Noticed Grum
 12416 | D:10     | Reached skill level 5 in Translocations
 12424 | D:10     | HP: 31/62 [Grum/+0 spear (5)]
 12428 | D:10     | Killed Grum
 12430 | D:10     | HP: 22/62 [wolf[Grum] (2)]
 12439 | D:10     | HP: 18/62 [wolf[Grum] (4)]
 12449 | D:10     | HP: 17/62 [wolf[Grum] (4)]
 12826 | D:10     | Offered knowledge of Airstrike by Vehumet.
 12840 | D:10     | Learned a level 4 spell: Airstrike
 13421 | D:7      | Got a smoking hunting sling
 13422 | D:7      | Identified the +9 hunting sling "Cucam" {flame, *Slow rElec
                  | Str+4 Int+2} (You found it on level 7 of the Dungeon)
 13912 | D:11     | Reached skill level 9 in Conjurations
 13966 | D:11     | Noticed a cyclops
 13971 | D:11     | Killed a cyclops
 13971 | D:11     | Reached skill level 5 in Fighting
 14397 | D:11     | Noticed a two-headed ogre
 14405 | D:11     | Killed a two-headed ogre
 14405 | D:11     | Reached skill level 9 in Ice Magic
 14462 | D:11     | Noticed a cyclops
 14470 | D:11     | Killed a cyclops
 14539 | D:11     | Reached **** piety under Vehumet
 14677 | D:11     | Offered knowledge of Bolt of Draining by Vehumet.
 14746 | D:11     | Found a staircase to the Lair.
 14891 | Lair:1   | Entered Level 1 of the Lair of Beasts
 15818 | Lair:2   | Reached skill level 7 in Spellcasting
 15846 | Lair:2   | Reached skill level 6 in Fighting
 16408 | Lair:2   | Noticed an oklob plant
 16563 | Lair:2   | HP: 28/64 [oklob plant/splash of acid (7)]
 16777 | Lair:2   | Killed an oklob plant
 16777 | Lair:2   | Reached skill level 6 in Translocations
 17040 | Lair:2   | Reached XP level 12. HP: 59/70 MP: 9/22
 17096 | Lair:2   | Learned a level 6 spell: Freezing Cloud
 17217 | Lair:2   | Reached skill level 1 in Charms
 17778 | Lair:3   | Found a staircase to the Snake Pit.
 18238 | Lair:3   | Identified the +2 robe "Southaf" {Int+7} (You found it on
                  | level 3 of the Lair of Beasts)
 18277 | Lair:4   | Reached skill level 10 in Conjurations
 18419 | Lair:4   | Reached skill level 2 in Charms
 18419 | Lair:4   | HP: 34/71 [black mamba (11)]
 18420 | Lair:4   | HP: 11/71 [black mamba (11)]
 18707 | Lair:4   | Noticed a catoblepas
 18721 | Lair:4   | HP: 33/71 [catoblepas (6)]
 18722 | Lair:4   | Killed a catoblepas
 18722 | Lair:4   | Reached skill level 7 in Fighting
 18729 | Lair:4   | HP: 26/72 [spiny frog (9)]
 18730 | Lair:4   | HP: 9/72 [spiny frog (17)]
 19218 | Lair:4   | Noticed an anaconda
 19228 | Lair:4   | HP: 34/72 [anaconda (3)]
 19231 | Lair:4   | HP: 8/72 [anaconda (12)]
 19231 | Lair:4   | HP: 3/72 [anaconda (5)]
 19235 | Lair:4   | Noticed a death yak
 19570 | Lair:4   | Reached skill level 10 in Ice Magic
 19606 | Lair:4   | Noticed a death yak
 19609 | Lair:4   | Noticed a death yak
 19617 | Lair:4   | HP: 36/72 [death yak (3)]
 19618 | Lair:4   | Killed a death yak
 19618 | Lair:4   | Reached skill level 3 in Charms
 19635 | Lair:4   | Killed a death yak
 19635 | Lair:4   | Reached skill level 8 in Spellcasting
 19635 | Lair:4   | Reached skill level 4 in Air Magic
 19635 | Lair:4   | HP: 23/72 [death yak (13)]
 19638 | Lair:4   | HP: 5/72 [death yak (19)]
 19958 | Lair:3   | HP: 32/72 [black mamba (13)]
 20190 | Lair:4   | Killed a death yak
 20198 | Lair:4   | Killed an anaconda
 20446 | Lair:4   | Found a staircase to the Swamp.
 20616 | Lair:4   | Reached skill level 8 in Fighting
 20692 | Lair:4   | Reached skill level 4 in Charms
 20695 | Lair:4   | HP: 34/73 [acid (6)]
 20884 | Lair:4   | HP: 32/73 [oklob plant/splash of acid (7)]
 21105 | Lair:4   | Reached XP level 13. HP: 66/78 MP: 21/25
 21964 | Lair:5   | Reached skill level 5 in Air Magic
 22590 | Lair:5   | Reached skill level 5 in Shields
 22754 | Lair:6   | Entered Level 6 of the Lair of Beasts
 22765 | Lair:6   | Reached skill level 5 in Charms
 22774 | Lair:6   | Reached skill level 9 in Spellcasting
 22780 | Lair:6   | Reached skill level 9 in Fighting
 22789 | Lair:6   | HP: 36/80 [spiny frog (7)]
 22794 | Lair:5   | HP: 29/80 [bullfrog (7)]
 23054 | Lair:6   | HP: 29/80 [cloud of freezing vapour (12)]
 23437 | Lair:5   | Reached skill level 6 in Shields
 23440 | Lair:5   | HP: 28/80 [spiny frog (14)]
 23444 | Lair:5   | HP: 11/80 [spiny frog (6)]
 23989 | Lair:6   | HP: 32/80 [black mamba (14)]
 23994 | Lair:6   | HP: 25/80 [crocodile (8)]
 24001 | Lair:6   | HP: 36/80 [blink frog (5)]
 24006 | Lair:6   | HP: 27/80 [blink frog (3)]
 24289 | Lair:6   | Reached skill level 7 in Shields
 24601 | Lair:6   | Reached ***** piety under Vehumet
 24749 | Lair:6   | Offered knowledge of Fulminant Prism by Vehumet.
 24900 | Lair:6   | Reached skill level 10 in Fighting
 24946 | Lair:6   | Reached skill level 8 in Shields
 24946 | Lair:6   | Gained mutation: Your large and strong wings let you fly
                  | indefinitely. [Gargoyle growth]
 24946 | Lair:6   | Reached XP level 14. HP: 86/88 MP: 2/27
 25431 | Lair:6   | Noticed Urug
 25433 | Lair:6   | Reached skill level 10 in Spellcasting
 25437 | Lair:6   | Killed Urug
 25597 | Lair:6   | Found a shattered altar of Ashenzari.
 25725 | Lair:6   | Reached skill level 9 in Shields
 26045 | Lair:6   | Found a staircase to the Slime Pits.
 26767 | D:11     | Learned a level 6 spell: Iron Shot
 26805 | D:12     | Found a staircase to the Orcish Mines.
 26982 | D:12     | Noticed Erolcha
 26985 | D:12     | Killed Erolcha
 27316 | D:12     | Reached skill level 11 in Ice Magic
 27370 | D:12     | Reached skill level 1 in Earth Magic
 27626 | D:12     | Reached skill level 10 in Shields
 27678 | D:12     | Found a roughly hewn altar of Beogh.
 27684 | D:12     | Reached skill level 2 in Earth Magic
 28209 | D:13     | Offered knowledge of Bolt of Cold by Vehumet.
 28371 | D:13     | Reached skill level 11 in Fighting
 28531 | D:13     | Learned a level 6 spell: Bolt of Cold
 28555 | D:13     | Reached skill level 3 in Earth Magic
 29732 | D:13     | Found a gate to the Vaults.
 29878 | D:14     | Noticed Agnes
 29925 | D:14     | Reached skill level 11 in Shields
 29925 | D:14     | Reached skill level 4 in Earth Magic
 29976 | D:14     | Killed Agnes
 29976 | D:14     | Reached XP level 15. HP: 57/95 MP: 14/29
 30876 | D:15     | Entered Level 15 of the Dungeon
 30890 | D:15     | Found a frozen archway.
 30991 | IceCv    | Entered an ice cave
 31279 | IceCv    | Reached skill level 5 in Earth Magic
 31511 | IceCv    | Offered knowledge of Ozocubu's Refrigeration by Vehumet.
 32303 | D:15     | Reached skill level 12 in Shields
 32536 | D:15     | Reached skill level 6 in Earth Magic
 32832 | D:15     | Found a shadowy altar of Dithmenos.
 33090 | D:15     | Found a staircase to the Depths.
 33156 | D:15     | Reached skill level 12 in Fighting
 33496 | Orc:1    | Entered Level 1 of the Orcish Mines
 33523 | Orc:1    | HP: 46/96 [something (7)]
 34053 | Orc:2    | Entered Level 2 of the Orcish Mines
 34387 | Orc:1    | Found a roughly hewn altar of Beogh.
 34565 | Orc:1    | Offered knowledge of Irradiate by Vehumet.
 34595 | Orc:1    | Found Nisadghisk's Jewellery Emporium.
 34674 | Orc:1    | Bought a cursed -3 ring of dexterity for 24 gold pieces
 34674 | Orc:1    | Bought a cursed -3 ring of protection for 24 gold pieces
 34866 | Orc:2    | Found Ele Myb's Antique Armour Boutique.
 35170 | Orc:2    | Noticed Saint Roka
 35181 | Orc:2    | HP: 39/96 [Saint Roka/divine providence (16)]
 35183 | Orc:2    | HP: 12/96 [Saint Roka/divine providence (17)]
 35184 | Orc:2    | Killed Saint Roka
 35184 | Orc:2    | Reached skill level 11 in Spellcasting
 35189 | Orc:2    | HP: 19/96 [orc priest/divine providence (10)]
 35681 | Orc:2    | Reached skill level 7 in Earth Magic
 35681 | Orc:2    | Paralysed by an orc sorcerer for 6 turns
 35882 | Orc:2    | Reached skill level 13 in Shields
 35888 | Orc:2    | Noticed Blork the orc
 35891 | Orc:2    | Killed Blork the orc
 36025 | Orc:2    | Found a roughly hewn altar of Beogh.
 36172 | Orc:2    | Found Fuceujas's Antique Armour Shop.
 36175 | Orc:2    | Found a staircase to the Elven Halls.
 36191 | Orc:2    | Found Zekhlodudwy's General Store.
 36225 | Orc:2    | Found Iqodic's Antique Weapon Shop.
 36358 | Orc:2    | Noticed Donald
 36365 | Orc:2    | Killed Donald
 36549 | Orc:2    | Found Bozesono's Book Shop.
 36692 | Orc:2    | Bought a book of Party Tricks for 750 gold pieces
 36692 | Orc:2    | Bought a book of Necromancy for 450 gold pieces
 36696 | Orc:2    | Learned a level 3 spell: Regeneration
 36712 | Orc:2    | Bought a faintly glowing whip for 240 gold pieces
 36712 | Orc:2    | Identified the cursed +0 whip of Fee Simple {drain, Dex+3}
                  | (You bought it in a shop on level 2 of the Orcish Mines)
 36730 | Orc:2    | Bought a scroll of magic mapping for 42 gold pieces
 36730 | Orc:2    | Bought a scroll of identify for 24 gold pieces
 36730 | Orc:2    | Bought a scroll of blinking for 90 gold pieces
 36874 | Swamp:1  | Entered Level 1 of the Swamp
 37089 | Swamp:1  | Reached XP level 16. HP: 103/103 MP: 28/31
 37310 | Swamp:1  | Noticed a thorn hunter
 37314 | Swamp:1  | Killed a thorn hunter
 37314 | Swamp:1  | Reached skill level 1 in Necromancy
 37506 | Swamp:1  | Found a runed translucent gate.
 37506 | Swamp:1  | Found a runed translucent gate.
 37507 | Swamp:1  | Found a runed translucent gate.
 37511 | Swamp:1  | Offered knowledge of Poison Arrow by Vehumet.
 37514 | Swamp:1  | Learned a level 1 spell: Apportation
 37533 | Swamp:1  | Noticed feelmyfire's ghost (journeyman OgIE)
 37569 | Swamp:1  | Noticed Aizul
 37602 | Swamp:1  | Killed Aizul
 37602 | Swamp:1  | Reached skill level 8 in Earth Magic
 38235 | Swamp:1  | Reached skill level 2 in Necromancy
 38527 | Swamp:2  | Noticed Roxanne
 38760 | Swamp:2  | Killed Roxanne
 38871 | Swamp:2  | Reached skill level 14 in Shields
 39383 | Swamp:2  | Reached skill level 13 in Fighting
 39704 | Swamp:2  | Noticed a tentacled monstrosity
 39749 | Swamp:2  | Killed a tentacled monstrosity
 40602 | Swamp:3  | Reached skill level 12 in Spellcasting
 40730 | Swamp:3  | Noticed Jorgrun
 40735 | Swamp:3  | Killed Jorgrun
 41429 | Swamp:3  | Learned a level 6 spell: Deflect Missiles
 41447 | Swamp:4  | Entered Level 4 of the Swamp
 41603 | Swamp:4  | Noticed a thorn hunter
 41610 | Swamp:4  | Killed a thorn hunter
 41751 | Swamp:4  | Reached XP level 17. HP: 108/109 MP: 13/33
 42078 | Swamp:4  | Offered knowledge of Poison Arrow by Vehumet.
 42492 | Swamp:4  | HP: 54/110 [ghost crab] (4)]
 42807 | Swamp:4  | Reached skill level 13 in Spellcasting
 42873 | Swamp:4  | Reached skill level 15 in Shields
 42874 | Swamp:4  | HP: 51/110 [cloud of flame (7)]
 42876 | Swamp:4  | HP: 3/110 [thorn hunter/volley of thorns (38)]
 43195 | Swamp:4  | Reached skill level 14 in Fighting
 43934 | Swamp:4  | Got a decaying rune of Zot
 44312 | Snake:1  | Entered Level 1 of the Snake Pit
 44328 | Snake:1  | Offered knowledge of Ozocubu's Refrigeration by Vehumet.
 44463 | Snake:1  | Found a shimmering altar of Xom.
 44560 | Snake:1  | Reached skill level 9 in Earth Magic
 45884 | Snake:1  | HP: 54/112 [black mamba (6)]
 46577 | Snake:2  | Reached XP level 18. HP: 117/117 MP: 35/35
 46659 | Snake:2  | Reached skill level 14 in Spellcasting
 46781 | Snake:2  | Reached skill level 6 in Charms
 46960 | Snake:2  | Found a runed translucent door.
 46960 | Snake:2  | Found a shimmering altar of Xom.
 46960 | Snake:2  | Identified the +8 war axe "Laduemn" {chaos, rPois rF++
                  | Int-5 SInv}
 46960 | Snake:2  | Noticed emperorscorpion's ghost (adept CeHu)
 46961 | Snake:2  | Found the ring of Shadows {Umbra +Inv Stlth+}
 47085 | Snake:2  | Killed emperorscorpion's ghost
 47095 | Snake:2  | HP: 58/118 [+8 war axe "Laduemn" {chaos, rPois rF++ Int-5
                  | SInv} (23)]
 47341 | Snake:2  | Found a shimmering altar of Xom.
 47598 | Snake:3  | Reached skill level 6 in Air Magic
 47774 | Snake:3  | Reached skill level 10 in Earth Magic
 48333 | Snake:3  | Reached skill level 15 in Fighting
 48392 | Snake:3  | Noticed Azrael
 48396 | Snake:3  | Killed Azrael
 48676 | Snake:3  | Noticed Vashnia
 48963 | Snake:3  | Killed Vashnia
 49357 | Snake:4  | Entered Level 4 of the Snake Pit
 49991 | Snake:4  | Reached skill level 15 in Spellcasting
 50383 | Snake:4  | Reached ****** piety under Vehumet
 50417 | Snake:4  | Offered knowledge of Lehudib's Crystal Spear by Vehumet.
 50417 | Snake:4  | Offered knowledge of Glaciate by Vehumet.
 50417 | Snake:4  | Offered knowledge of Chain Lightning by Vehumet.
 50883 | Snake:4  | Reached XP level 19. HP: 107/125 MP: 14/38
 51099 | Snake:4  | Reached skill level 16 in Fighting
 51765 | Snake:4  | Reached skill level 16 in Spellcasting
 52519 | Snake:4  | HP: 62/125 [naga warrior/+0 dire flail (6)]
 52867 | Snake:4  | Reached skill level 3 in Necromancy
 53372 | Snake:4  | Got a serpentine rune of Zot
 53393 | Snake:4  | Learned a level 9 spell: Glaciate
 53765 | Elf:1    | Entered Level 1 of the Elven Halls
 54049 | Elf:1    | Reached skill level 11 in Conjurations
 54503 | Elf:1    | Reached skill level 4 in Necromancy
 54929 | Elf:1    | Reached skill level 12 in Ice Magic
 55419 | Elf:2    | Found Beco's Magic Scroll Shoppe.
 55421 | Elf:2    | Reached XP level 20. HP: 131/131 MP: 30/40
 55429 | Elf:2    | Bought a scroll of acquirement for 728 gold pieces
 55429 | Elf:2    | Bought a scroll of acquirement for 728 gold pieces
 55431 | Elf:2    | Got a wavering brass ring
 55431 | Elf:2    | Got a wavering tin ring
 55432 | Elf:2    | Identified the ring "Xasufag" {rPois rF+ MP+9 Stlth+} (You
                  | acquired it on level 2 of the Elven Halls)
 55433 | Elf:2    | Identified the ring of Duecvag {rN+ MR- Int+4 Stlth+} (You
                  | acquired it on level 2 of the Elven Halls)
 55447 | Elf:2    | Reached skill level 17 in Spellcasting
 55773 | Elf:2    | Found a runed translucent gate.
 55773 | Elf:2    | Found a runed translucent gate.
 55774 | Elf:2    | Found a runed translucent gate.
 56791 | Elf:2    | Reached skill level 5 in Necromancy
 57137 | Elf:3    | Entered Level 3 of the Elven Halls
 57361 | Elf:3    | Reached skill level 12 in Conjurations
 58091 | Elf:3    | Identified the +11 long sword "Waejill" {flame, *Contam
                  | Str+4 Int+4} (You found it on level 3 of the Elven Halls)
 59203 | Elf:3    | Identified the ring "Vivij" {rPois rN+ MR+ Int+2}
 59334 | Elf:3    | Identified the +5 scale mail of Activism {rN+}
 59339 | Elf:3    | HP: 65/131 [deep elf high priest/divine providence (7)]
 59447 | Elf:3    | Reached skill level 18 in Spellcasting
 59451 | Elf:3    | Reached skill level 13 in Ice Magic
 59469 | Elf:3    | HP: 58/131 [acid (10)]
 59475 | Elf:3    | Identified the +8 rapier of Norawk {flame, rN+}
 59475 | Elf:3    | Identified the ring "Bixism" {rC+ AC+6 Str+5}
 59893 | Elf:3    | Reached XP level 21. HP: 124/136 MP: 26/43
 59976 | Elf:3    | Reached skill level 13 in Conjurations
 60374 | Elf:3    | Found the +15 Maxwell's patent armour {-Cast -Tele rElec
                  | MR+ rCorr}
 60378 | Elf:3    | Identified Sif Muna's Volume of Creative Transmigration
 60413 | Elf:3    | Got a wavering marble ring
 60475 | Elf:3    | Got a fine crystal amulet
 60476 | Elf:3    | Identified the ring "Dinuo" {rElec rC- rN++ Int-3 Stlth+}
                  | (You found it on level 3 of the Elven Halls)
 60477 | Elf:3    | Identified the amulet "Isazumny" {RegenMP +Blink +Fly Dex+3
                  | SInv} (You found it on level 3 of the Elven Halls)
 60946 | Swamp:1  | Killed feelmyfire's ghost
 61219 | Vaults:1 | Entered Level 1 of the Vaults
 61456 | Vaults:1 | Found Gekow's Assorted Antiques.
 61487 | Vaults:1 | Bought a scroll of teleportation for 99 gold pieces
 61487 | Vaults:1 | Bought a scroll of teleportation for 99 gold pieces
 61487 | Vaults:1 | Bought a scroll of blinking for 247 gold pieces
 61492 | Vaults:1 | Found Ynod's Food Boutique.
 61497 | Vaults:1 | Reached skill level 14 in Ice Magic
 61605 | Vaults:1 | Reached skill level 14 in Conjurations
 62299 | Vaults:1 | Found Ozeefuk's Antique Weapon Emporium.
 62314 | Vaults:1 | Bought a shimmering falchion for 208 gold pieces
 62314 | Vaults:1 | Identified the +5 falchion of Success {slice, rC+ Str+2}
                  | (You bought it in a shop on level 1 of the Vaults)
 62332 | Vaults:1 | Found Cowoer's Distillery.
 62659 | Vaults:1 | Found Dinky's General Store.
 63177 | Vaults:2 | Reached skill level 15 in Conjurations
 63304 | Vaults:2 | Reached skill level 15 in Ice Magic
 63497 | Vaults:2 | Reached XP level 22. HP: 142/142 MP: 44/44
 63687 | Vaults:2 | Found Laqouxukh's Gadget Shoppe.
 63688 | Vaults:2 | Found Tucry's Armour Shoppe.
 63734 | Vaults:2 | Found Geph's Antique Armour Boutique.
 63743 | Vaults:2 | Bought a glowing helmet for 225 gold pieces
 64677 | Vaults:2 | Reached skill level 16 in Conjurations
 65155 | Vaults:3 | Reached skill level 16 in Ice Magic
 65876 | Vaults:3 | Found a staircase to the Crypt.
 65934 | Vaults:3 | Found Fuwnairch's Assorted Antiques.
 65942 | Vaults:3 | Bought a coral ring for 205 gold pieces
 66174 | Vaults:3 | Reached skill level 17 in Conjurations
 66194 | Vaults:3 | Found a roughly hewn altar of Beogh.
 66757 | Vaults:3 | Reached XP level 23. HP: 147/147 MP: 45/45
 66765 | Vaults:3 | Reached skill level 17 in Ice Magic
 66910 | Vaults:3 | Found a runed translucent gate.
 66911 | Vaults:3 | Found a runed translucent gate.
 66912 | Vaults:3 | Found a runed translucent gate.
 66917 | Vaults:3 | Noticed wizzywiggle's ghost (adept DsBe)
 66918 | Vaults:3 | Identified the amulet "Omeuzekki" {Harm *Drain Dex+3}
 67043 | Vaults:3 | HP: 66/147 [storm dragon (16)]
 67066 | Vaults:3 | HP: 67/147 [wizzywiggle's ghost (30)]
 67170 | Vaults:3 | Killed wizzywiggle's ghost
 68292 | Vaults:4 | Found a runed translucent gate.
 68292 | Vaults:4 | Found a runed translucent gate.
 68292 | Vaults:4 | Found a runed translucent gate.
 68293 | Vaults:4 | Noticed theanonym's ghost (veteran DECj)
 68338 | Vaults:4 | Reached skill level 18 in Conjurations
 69060 | Vaults:4 | Reached skill level 18 in Ice Magic
 69640 | Vaults:4 | Found an iron altar of Okawaru.
 69652 | Vaults:4 | Killed theanonym's ghost
 69652 | Vaults:4 | Reached skill level 19 in Conjurations
 69724 | Vaults:4 | Identified the +3 ring mail of Vetzimaf {Regen+ Str+3
                  | Dex+3} (You found it on level 4 of the Vaults)
 69793 | Crypt:1  | Entered Level 1 of the Crypt
 70128 | Depths:1 | Entered Level 1 of the Depths
 70128 | Depths:1 | Found a gateway to a ziggurat.
 70139 | Depths:1 | Noticed a caustic shrike
 70142 | Depths:1 | Killed a caustic shrike
 70240 | Depths:1 | Reached XP level 24. HP: 145/152 MP: 41/45
 70374 | Depths:1 | Reached skill level 19 in Ice Magic
 70481 | Depths:1 | Noticed Mara
 70483 | Depths:1 | Killed Mara
 70484 | Depths:1 | Upgraded the game from 0.24-a0-417-g1cce26a4d2 to
                  | 0.24-a0-420-g24607be9ce
 70603 | Depths:1 | Found Zeskuego's Jewellery Shoppe.
 70604 | Depths:1 | Found Memiurph's Gadget Shop.
 70605 | Depths:1 | Found Paown's Jewellery Shoppe.
 70683 | Depths:1 | Found a gateway to Hell.
 70806 | Depths:1 | Found a portal to a secret trove of treasure.
 71093 | D:4      | Bought +0 gold dragon scales for 1120 gold pieces
 71372 | Depths:1 | You paid a toll of +0 gold dragon scales to enter a
                  | treasure trove
 71373 | Trove    | Entered a treasure trove
 71381 | Trove    | Got a pair of distressingly furry gloves
 71383 | Trove    | Got a heavily runed lead ring
 71387 | Trove    | Got a slimy copper amulet
 71395 | Trove    | Got a faintly glowing bone amulet
 71405 | Trove    | Identified Vehumet's Volume of Battle Magic
 71417 | Trove    | Identified the +2 pair of gloves of Hysteria {rElec Int+2}
                  | (You found it in a treasure trove)
 71418 | Trove    | Identified the ring of Jied {Fire Dex+2} (You found it in a
                  | treasure trove)
 71419 | Trove    | Identified the amulet of Doivame {*Drain rPois rF+ Regen+
                  | Slay+5} (You found it in a treasure trove)
 71420 | Trove    | Identified the amulet of Zithro Ymen {Spirit rC+ MR+ Str+4
                  | Stlth+} (You found it in a treasure trove)
 71722 | Depths:1 | Found a one-way gate leading to the halls of Pandemonium.
 71895 | Depths:2 | Reached skill level 20 in Conjurations
 71946 | Depths:2 | Identified the +5 faerie dragon scales {rC+ rCorr MP+1
                  | Dex+2}
 71946 | Depths:2 | Noticed the Enchantress
 71951 | Depths:2 | Killed the Enchantress
 72271 | Depths:2 | Reached skill level 20 in Ice Magic
 72338 | Depths:2 | HP: 74/152 [ettin/+0 dire flail (21)]
 72471 | Depths:2 | Reached skill level 21 in Conjurations
 72564 | Depths:2 | Reached XP level 25. HP: 157/157 MP: 45/45
 72809 | Depths:2 | Identified Sif Muna's Disquisition on Talismans and
                  | Displacement
 72901 | Depths:2 | Identified the +7 swamp dragon scales of Dozacryr {rElec
                  | rPois rC+ Dex+4} (You found it on level 2 of the Depths)
 73492 | Depths:3 | Found Peipuotz's General Store.
 73824 | Depths:3 | Found the +8 whip "Snakebite" {curare, rPois}
 73835 | Depths:3 | Found the +0 mask of the Dragon {MR+ Slay+3 SInv}
 73835 | Depths:3 | Noticed a juggernaut
 73848 | Depths:3 | HP: 59/157 [juggernaut (50)]
 74386 | Depths:3 | Found the +3 giant club "Skullcrusher" {speed, Str+7}
 74476 | Depths:3 | You fall into a shaft and drop 2 floors!
 74476 | Depths:5 | Entered Level 5 of the Depths
 74486 | Depths:4 | Found a hide-covered altar of Uskayaw.
 74488 | Depths:4 | Reached skill level 21 in Ice Magic
 74823 | Depths:3 | Killed a juggernaut
 74870 | Depths:3 | Identified the ring "Nuirab" {rElec rF+ rCorr Str+2 Dex-3}
 74878 | Depths:3 | Reached skill level 22 in Conjurations
 74948 | Depths:3 | Identified the Handbook of Shifting Good Luck
 75192 | Depths:4 | Identified the Collected Works on Transmigration
 75321 | Depths:4 | HP: 74/159 [yaktaur/bolt (14)]
 75514 | Depths:4 | Noticed Margery
 75518 | Depths:4 | Killed Margery
 75618 | Depths:4 | Found a one-way gate to the infinite horrors of the Abyss.
 75694 | Depths:4 | Reached skill level 19 in Spellcasting
 75712 | Depths:4 | Identified Sif Muna's Disquisition on Intoxication
 75815 | Depths:4 | Noticed Mennas
 75818 | Depths:4 | Killed Mennas
 75818 | Depths:4 | Reached XP level 26. HP: 152/164 MP: 27/46
 76355 | Depths:4 | Identified the Almanac of the Mountains
 76668 | Depths:5 | Reached skill level 1 in Evocations
 76771 | Depths:5 | Reached skill level 17 in Fighting
 76994 | Depths:5 | Reached skill level 2 in Evocations
 77015 | Depths:5 | Got a translucent emerald amulet
 77016 | Depths:5 | Identified the amulet of Pebarini {Spirit rElec MR- Str+3
                  | Stlth+} (You acquired it on level 5 of the Depths)
 77071 | Depths:5 | Found a runed translucent gate.
 77071 | Depths:5 | Found a runed translucent gate.
 77071 | Depths:5 | Found a runed translucent gate.
 77071 | Depths:5 | Identified the ring of Axto Jan {Fire Dex+5}
 77184 | Depths:5 | Noticed Xieheeq's ghost (journeyman SpBe)
 77448 | Depths:5 | Reached skill level 3 in Evocations
 77563 | Depths:5 | Found a gate to the Realm of Zot.
 77711 | Depths:5 | Killed Xieheeq's ghost
 77825 | Depths:5 | Learned a level 8 spell: Necromutation
 77835 | Depths:5 | Learned a level 9 spell: Tornado
 77889 | Depths:4 | Identified the +11 short sword "Torraq" {protect, rC+}
 77891 | Depths:4 | Reached skill level 4 in Evocations
 78308 | Vaults:1 | Bought a scroll of identify for 26 gold pieces
 78636 | Elf:2    | Bought a scroll of identify for 28 gold pieces
 78636 | Elf:2    | Bought 2 scrolls of identify for 56 gold pieces
 78636 | Elf:2    | Bought a scroll of teleportation for 42 gold pieces
 78636 | Elf:2    | Bought a scroll of teleportation for 42 gold pieces
 78636 | Elf:2    | Bought a scroll of teleportation for 42 gold pieces
 78636 | Elf:2    | Bought a scroll of immolation for 49 gold pieces
 78636 | Elf:2    | Bought a scroll of immolation for 49 gold pieces
 78930 | Depths:3 | Identified the +4 trident of Extermination {flame, Int+4}
                  | (You found it on level 3 of the Depths)
 79281 | Crypt:1  | Identified the amulet of Xomysm {RegenMP Dex+6} (You
                  | acquired it on level 1 of the Crypt)
 79825 | Crypt:1  | Reached skill level 22 in Ice Magic
 79898 | Crypt:1  | Identified the +6 flail of Qyicrir {crush, +Fly rPois} (You
                  | found it on level 1 of the Crypt)
 79945 | Crypt:2  | Reached skill level 5 in Evocations
 80200 | Crypt:2  | Reached skill level 6 in Armour
 80306 | Crypt:2  | Noticed Bai Suzhen
 80311 | Crypt:2  | Killed Bai Suzhen
 80752 | Crypt:3  | Entered Level 3 of the Crypt
 80771 | Crypt:3  | Reached skill level 6 in Evocations
 81020 | Crypt:3  | Noticed a greater mummy
 81021 | Crypt:3  | Noticed a greater mummy
 81023 | Crypt:3  | Noticed a greater mummy
 81025 | Crypt:3  | Noticed Khufu
 81026 | Crypt:3  | Killed a greater mummy
 81026 | Crypt:3  | Reached XP level 27. HP: 173/173 MP: 15/46
 81026 | Crypt:3  | Killed a greater mummy
 81028 | Crypt:3  | Killed a greater mummy
 81028 | Crypt:3  | Reached skill level 7 in Armour
 81028 | Crypt:3  | Reached skill level 7 in Evocations
 81079 | Crypt:3  | Killed Khufu
 81175 | Crypt:3  | Reached skill level 18 in Fighting
 81233 | Crypt:3  | HP: 82/173 [skeletal warrior/+2 glaive of venom (12)]
 81736 | Crypt:3  | Reached skill level 8 in Evocations
 81892 | Crypt:3  | Identified the Incunabulum of Necromancy
 82015 | Crypt:3  | Reached skill level 8 in Armour
 82164 | Crypt:3  | Found a basalt altar of Yredelemnul.
 82727 | Crypt:3  | Found a staircase to the Tomb.
 83017 | Crypt:3  | Reached skill level 20 in Spellcasting
 83038 | Crypt:3  | Reached skill level 9 in Evocations
 83153 | Crypt:3  | Identified the +7 scale mail of Jeeriug {rF+ Str+3} (You
                  | found it on level 3 of the Crypt)
 83347 | Vaults:4 | You fall into a shaft and drop 1 floor!
 83347 | Vaults:5 | Entered Level 5 of the Vaults
 83495 | Vaults:5 | Reached skill level 9 in Armour
 83585 | Vaults:5 | Reached skill level 10 in Evocations
 83710 | Vaults:5 | Reached skill level 7 in Air Magic
 83776 | Vaults:5 | Found Jaiss's Gadget Boutique.
 83916 | Vaults:5 | Reached skill level 10 in Armour
 83919 | Vaults:5 | Reached skill level 11 in Evocations
 83944 | Vaults:5 | Identified the +8 great sword "Jazojis" {slice, rElec
                  | Dex+8}
 83945 | Vaults:5 | Reached skill level 19 in Fighting
 84065 | Vaults:5 | Identified the +4 great mace of Casuuv {crush, rF+ MR+
                  | Str-5}
 84101 | Vaults:5 | Reached skill level 8 in Air Magic
 84232 | Vaults:5 | Noticed Frederick
 84243 | Vaults:5 | Killed Frederick
 84243 | Vaults:5 | Reached skill level 12 in Evocations
 84342 | Vaults:5 | Identified the +9 plate armour of Rery {+Blink rElec rF++}
 84352 | Vaults:5 | Reached skill level 7 in Charms
 84368 | Vaults:5 | Identified the +6 large shield "Biyrroyv" {+Blink}
 84379 | Vaults:5 | Reached skill level 6 in Necromancy
 84549 | Vaults:5 | Got a silver rune of Zot
 84552 | Vaults:5 | Identified the +3 leather armour of the Thoughtful Moons
                  | {rN+ Str+2}
 84741 | Vaults:5 | Found Ybucw's Antique Armour Shop.
 84745 | Vaults:5 | Found Zogon's Gadget Shop.
 84749 | Vaults:5 | Bought a glowing shield for 285 gold pieces
 84750 | Vaults:5 | Bought a glowing cloak for 285 gold pieces
 85248 | Vaults:1 | Bought the +9 staff of Wucad Mu {channel} for 1300 gold
                  | pieces
 85248 | Vaults:1 | Found the +9 staff of Wucad Mu {channel}
 85547 | Slime:1  | Entered Level 1 of the Pits of Slime
 85565 | Slime:1  | Reached skill level 13 in Evocations
 85662 | Slime:2  | Reached skill level 9 in Air Magic
 85814 | Slime:3  | Reached skill level 8 in Charms
 85905 | Slime:3  | Reached skill level 7 in Necromancy
 86050 | Slime:4  | theanonym: !lg defe
 86050 | Slime:4  | meem: 4083. DEFE the Destroyer (L14 DsWn of Vehumet),
                  | blasted by a fire dragon (blast of flame) on D:12
                  | (minmay_the_grid_triangle_9x9_recursive_2_mashed;
                  | minmay_the_grid_triangle_9x9_intruding_spiral) on
                  | 2019-06-11 07:57:52, with 55583 points after 31719 turns
                  | and 1:16:31.
 86051 | Slime:5  | Entered Level 5 of the Pits of Slime
 86122 | Slime:5  | Noticed the Royal Jelly
 86125 | Slime:5  | Killed the Royal Jelly
 86331 | Slime:5  | Reached skill level 14 in Evocations
 86334 | Slime:5  | Reached skill level 20 in Fighting
 86431 | Slime:5  | Got a slimy rune of Zot
 86433 | Slime:5  | Identified the +9 war axe of Qaufus Saga {freeze, MP+9
                  | Dex+2} (You found it on level 5 of the Pits of Slime)
 86442 | Slime:5  | Found the +3 warlock's mirror {reflect}
 86465 | Slime:5  | Identified the Tome of Shifting Contamination
 86999 | Zot:1    | Entered Level 1 of the Realm of Zot
 87011 | Zot:1    | Noticed Roron's ghost (legendary TrGl)
 87015 | Zot:1    | Found a transporter.
 87034 | Zot:1    | Reached skill level 10 in Air Magic
 87110 | Zot:1    | Found the +3 salamander hide armour {+Rage rF++}
 87110 | Zot:1    | Found a transporter.
 87339 | Zot:1    | Reached skill level 15 in Evocations
 87931 | Zot:1    | Killed Roron's ghost
 87942 | Zot:1    | Identified the ring "Haxeul" {Str+3 Dex+3 Stlth-} (You
                  | found it on level 1 of the Realm of Zot)
 87964 | Zot:1    | Reached skill level 11 in Air Magic
 88010 | Zot:2    | Reached skill level 16 in Evocations
 89309 | Zot:3    | Reached skill level 17 in Evocations
 89525 | Zot:3    | Reached skill level 12 in Air Magic
 90066 | Zot:4    | Reached skill level 18 in Evocations
 90104 | Zot:4    | HP: 80/179 [death cob (20)]
 90580 | Zot:4    | Found a runed translucent gate.
 90581 | Zot:4    | Found a runed translucent gate.
 90582 | Zot:4    | Found a runed translucent gate.
 90582 | Zot:4    | Noticed an orb of fire
 90584 | Zot:4    | Noticed Dufehei's ghost (legendary TrGl)
 90624 | Zot:4    | Killed an orb of fire
 90624 | Zot:4    | Reached skill level 13 in Air Magic
 90627 | Zot:4    | Killed Dufehei's ghost
 90646 | Zot:4    | Reached skill level 19 in Evocations
 91180 | Zot:5    | Entered Level 5 of the Realm of Zot
 91596 | Zot:5    | Found Sipseuze's Changing Room.
 91737 | Zot:5    | Noticed an ancient lich
 91741 | Zot:5    | Killed an ancient lich
 91741 | Zot:5    | Reached skill level 20 in Evocations
 91749 | Zot:5    | Reached skill level 14 in Air Magic
 91874 | Zot:5    | Noticed an orb of fire
 91876 | Zot:5    | Noticed an ancient lich
 91877 | Zot:5    | Noticed an ancient lich
 91881 | Zot:5    | Killed an ancient lich
 91884 | Zot:5    | Killed an ancient lich
 91885 | Zot:5    | Killed an orb of fire
 92082 | Zot:5    | Noticed an ancient lich
 92088 | Zot:5    | Killed an ancient lich
 92236 | Zot:5    | Noticed an orb of fire
 92248 | Zot:5    | Killed an orb of fire
 92313 | Zot:5    | Noticed an orb of fire
 92316 | Zot:5    | Killed an orb of fire
 92316 | Zot:5    | Reached skill level 15 in Air Magic
 92476 | Zot:5    | Noticed an ancient lich
 92477 | Zot:5    | Noticed an ancient lich
 92479 | Zot:5    | Killed an ancient lich
 92482 | Zot:5    | Killed an ancient lich
 92683 | Zot:5    | Noticed an ancient lich
 92687 | Zot:5    | Killed an ancient lich
 92710 | Zot:5    | Reached skill level 21 in Fighting
 92719 | Zot:5    | Noticed an ancient lich
 92896 | Zot:5    | Killed an ancient lich
 92896 | Zot:5    | Reached skill level 16 in Air Magic
 93232 | Depths:4 | Voluntarily entered the Abyss.
 93477 | Abyss:2  | Found an iron altar of Okawaru.
 94076 | Abyss:2  | Reached skill level 21 in Spellcasting
 94491 | Abyss:4  | Got an abyssal rune of Zot
 94555 | Abyss:5  | Entered Level 5 of the Abyss
 94555 | Abyss:5  | Entered Level 5 of the Abyss
 94572 | Depths:4 | Escaped the Abyss
 94657 | Zig:1    | Entered Level 1 of a ziggurat
 94680 | Zig:2    | Entered Level 2 of a ziggurat
 94711 | Zig:3    | Entered Level 3 of a ziggurat
 94713 | Zig:3    | Reached skill level 17 in Air Magic
 94733 | Zig:4    | Entered Level 4 of a ziggurat
 94826 | Zig:5    | Entered Level 5 of a ziggurat
 94858 | Zig:5    | Identified the +3 dagger "Ugiw" {venom, Int+5 Dex+4} (You
                  | found it on level 5 of a ziggurat)
 94860 | Zig:6    | Entered Level 6 of a ziggurat
 94885 | Zig:6    | Got an ancient silver amulet
 94886 | Zig:6    | Identified the amulet "Cavufac" {+Rage rC+ Str+4 Dex-4}
                  | (You found it on level 6 of a ziggurat)
 94903 | Zig:7    | Entered Level 7 of a ziggurat
 94907 | Zig:7    | Noticed a greater mummy
 94912 | Zig:7    | Killed a greater mummy
 94941 | Zig:7    | Got a smoking marble ring
 94942 | Zig:7    | Identified the Guide on the Frostbite and Poisoning
 94949 | Zig:7    | Identified the ring of Broken Luck {Wiz rElec MP-9 Int+5}
                  | (You found it on level 7 of a ziggurat)
 94952 | Zig:8    | Entered Level 8 of a ziggurat
 94987 | Zig:8    | Got a fine steel amulet
 94988 | Zig:8    | Identified the amulet of Zelleudu {Spirit rPois rN+ Str+8
                  | Slay-6} (You found it on level 8 of a ziggurat)
 95005 | Zig:9    | Entered Level 9 of a ziggurat
 95053 | Zig:10   | Entered Level 10 of a ziggurat
 95065 | Zig:10   | Found the +7 great mace "Undeadhunter" {disrupt, rN+}
 95065 | Zig:10   | Noticed an ancient lich
 95066 | Zig:10   | Found the +9 scales of the Dragon King {rPois rF+ rC+ MR+}
 95068 | Zig:10   | Killed an ancient lich
 95094 | Zig:10   | Identified the cursed +0 ring mail of Dishonour {rC+ MR+++
                  | Int-4 Stlth-} (You found it on level 10 of a ziggurat)
 95109 | Zig:10   | Got a fine jade amulet
 95110 | Zig:10   | Identified the amulet "Sooll" {RegenMP rC+} (You found it
                  | on level 10 of a ziggurat)
 95118 | Zig:10   | Identified the cursed +2 rapier "Gutij" {antimagic, rElec}
                  | (You found it on level 10 of a ziggurat)
 95121 | Zig:11   | Entered Level 11 of a ziggurat
 95133 | Zig:11   | Noticed Ushiax the pandemonium lord
 95135 | Zig:11   | Found the +3 robe of Clouds {+Thunder rCloud rElec}
 95138 | Zig:11   | Reached skill level 22 in Fighting
 95141 | Zig:11   | Killed Ushiax the pandemonium lord
 95149 | Zig:11   | Identified the +6 whip of Destiny {slash, +Rage MR- Int+4}
                  | (You found it on level 11 of a ziggurat)
 95161 | Zig:11   | Identified the +7 spear "Ofuvir" {pain, MR- Str+2 Int+4
                  | Dex+2} (You found it on level 11 of a ziggurat)
 95173 | Zig:11   | Learned a level 8 spell: Lehudib's Crystal Spear
 95174 | Zig:12   | Entered Level 12 of a ziggurat
 95190 | Zig:12   | Found the +7 captain's cutlass {speed, disarm}
 95191 | Zig:12   | Reached skill level 18 in Air Magic
 95206 | Zig:12   | Identified the Disquisition on Unholy Magic
 95247 | Zig:13   | Entered Level 13 of a ziggurat
 95263 | Zig:13   | Reached skill level 23 in Ice Magic
 95299 | Zig:13   | Identified the Almanac of Bewitchment and the Arsonist
 95318 | Zig:13   | Identified the +9 dagger of Uncertain Death {speed, rElec}
                  | (You found it on level 13 of a ziggurat)
 95322 | Zig:14   | Entered Level 14 of a ziggurat
 95346 | Zig:14   | Found the +5 demon whip "Spellbinder" {antimagic, MR+}
 95384 | Zig:14   | Identified the ring "Daoluts" {Fire Int+5 Slay+3 SInv} (You
                  | found it on level 14 of a ziggurat)
 95386 | Zig:14   | Identified the amulet "Opuc" {Faith Int+4} (You found it on
                  | level 14 of a ziggurat)
 95403 | Zig:14   | Identified the +7 mace "Demonbane" {pain, rElec rPois rF+++
                  | MR-} (You found it on level 14 of a ziggurat)
 95414 | Zig:15   | Entered Level 15 of a ziggurat
 95431 | Zig:15   | Noticed a juggernaut
 95433 | Zig:15   | Noticed a juggernaut
 95433 | Zig:15   | Noticed a juggernaut
 95434 | Zig:15   | Noticed a juggernaut
 95434 | Zig:15   | Noticed a juggernaut
 95435 | Zig:15   | Killed a juggernaut
 95440 | Zig:15   | Killed a juggernaut
 95440 | Zig:15   | Killed a juggernaut
 95441 | Zig:15   | Killed a juggernaut
 95442 | Zig:15   | Killed a juggernaut
 95485 | Zig:15   | Identified the +2 morningstar of Defence {crush, +Rage
                  | Stlth+} (You found it on level 15 of a ziggurat)
 95488 | Zig:15   | Reached skill level 22 in Spellcasting
 95489 | Zig:15   | Reached skill level 19 in Air Magic
 95492 | Zig:16   | Entered Level 16 of a ziggurat
 95510 | Zig:16   | Reached skill level 24 in Ice Magic
 95514 | Zig:16   | Reached skill level 23 in Fighting
 95534 | Zig:16   | Identified the +6 flail of War {crush, rN+ Str+8 Dex-2}
                  | (You found it on level 16 of a ziggurat)
 95557 | Zig:17   | Entered Level 17 of a ziggurat
 95579 | Zig:17   | Found the ring of the Octopus King
 95614 | Zig:17   | Got a ring of the Octopus King
 95615 | Zig:17   | Identified a ring of the Octopus King {MP+9 AC+1 EV+1 Str+1
                  | Int+1 Dex+1} (You found it on level 17 of a ziggurat)
 95631 | Zig:17   | Identified the cursed +2 rapier "Man Cani" {freeze, Fragile
                  | rC++ Int+6} (You found it on level 17 of a ziggurat)
 95642 | Zig:18   | Entered Level 18 of a ziggurat
 95680 | Zig:18   | Reached skill level 20 in Air Magic
 95704 | Zig:18   | Identified Sif Muna's Handbook of Supportive Good Luck
 95710 | Zig:18   | Identified Mevvih's Reference Book on Shifting Attacks
 95718 | Zig:18   | Reached skill level 24 in Fighting
 95721 | Zig:19   | Entered Level 19 of a ziggurat
 95801 | Zig:19   | Found the +8 trident of the Octopus King {venom, rElec
                  | rPois MR+}
 95825 | Zig:19   | Identified the Volume of the Hierophant
 95831 | Zig:19   | Got a scintillating ivory ring
 95832 | Zig:19   | Identified the ring of Utrizai {rN++ MP+9 Int+2 Dex+2} (You
                  | found it on level 19 of a ziggurat)
 95867 | Zig:20   | Entered Level 20 of a ziggurat
 95932 | Zig:20   | Got a coiled bronze amulet
 95935 | Zig:20   | Identified the +6 mace of theanonym's Doom {drain, rF+++
                  | MR+ Str-4 Int+2} (You found it on level 20 of a ziggurat)
 95936 | Zig:20   | Identified the amulet of Paka {rF+ Regen+ Dex+5} (You found
                  | it on level 20 of a ziggurat)
 95973 | Zig:21   | Entered Level 21 of a ziggurat
 95995 | Zig:21   | Gained mutation: You are frail. (-10% HP) [a shining eye]
 95999 | Zig:21   | Reached skill level 25 in Fighting
 96003 | Zig:21   | Reached skill level 21 in Evocations
 96106 | Zig:22   | Entered Level 22 of a ziggurat
 96208 | Zig:22   | Identified the Grimoire of Damage Dealing and
                  | Transmigration
 96226 | Zig:22   | Got a distressingly furry cloak
 96227 | Zig:22   | Identified the cursed +0 cloak "Macir" {rElec rC++ Slay-2
                  | Stlth+} (You found it on level 22 of a ziggurat)
 96257 | Zig:23   | Entered Level 23 of a ziggurat
 96304 | Zig:23   | HP: 49/136 [hellion/damnation (36)]
 96305 | Zig:23   | HP: 18/136 [hellion/damnation (32)]
 96377 | Zig:23   | HP: 81/175 [smoke demon/divine providence (13)]
 96386 | Zig:23   | HP: 63/175 [smoke demon/divine providence (10)]
 96389 | Zig:23   | Reached skill level 26 in Fighting
 96390 | Zig:23   | Reached skill level 2 in Dodging
 96394 | Zig:23   | HP: 65/176 [smoke demon/divine providence (10)]
 96448 | Zig:23   | Reached skill level 3 in Dodging
 96510 | Zig:23   | Reached skill level 4 in Dodging
 96623 | Zig:23   | Got a fine ivory ring
 96624 | Zig:23   | Identified the ring of Titaegho {rC+ rN++ Str+6 Dex-4} (You
                  | found it on level 23 of a ziggurat)
 96627 | Zig:23   | Identified Jomicimu's Volume of the Mountains and Air
 96629 | Zig:23   | Identified Yckoj Anni's Reference Book on the Compass
 96642 | Zig:23   | Got a smoking iron amulet
 96643 | Zig:23   | Identified the amulet of Fun {Acrobat Slay+6} (You found it
                  | on level 23 of a ziggurat)
 96661 | Zig:23   | Identified the Tome of Mutagenic Dark Arts
 96665 | Zig:23   | Identified the Incunabulum of Mutagenic Curses
 96679 | Zig:23   | Identified the +0 chain mail "Kopt" {rPois rN+++ MP+9
                  | Dex-3} (You found it on level 23 of a ziggurat)
 96687 | Zig:24   | Entered Level 24 of a ziggurat
 96711 | Zig:24   | Reached skill level 22 in Evocations
 96719 | Zig:24   | Reached skill level 5 in Dodging
 96784 | Zig:24   | Reached skill level 6 in Dodging
 96798 | Zig:24   | Reached skill level 7 in Dodging
 96832 | Zig:24   | Reached skill level 8 in Dodging
 96874 | Zig:24   | Identified the +1 leather armour of Music {rCorr Int-4
                  | Stlth+} (You found it on level 24 of a ziggurat)
 96910 | Zig:24   | Learned a level 9 spell: Shatter
 96916 | Zig:24   | Learned a level 5 spell: Dispel Undead
 96917 | Zig:25   | Entered Level 25 of a ziggurat
 96936 | Zig:25   | Noticed an ancient lich
 96942 | Zig:25   | Killed an ancient lich
 96945 | Zig:25   | Reached skill level 9 in Dodging
 96947 | Zig:25   | Reached skill level 11 in Earth Magic
 96950 | Zig:25   | Reached skill level 10 in Dodging
 96952 | Zig:25   | Noticed an ancient lich
 96953 | Zig:25   | Noticed an ancient lich
 96955 | Zig:25   | Reached skill level 12 in Earth Magic
 96957 | Zig:25   | HP: 58/176 [Hell Sentinel/damnation[an ancient lich] (34)]
 96958 | Zig:25   | HP: 19/176 [Hell Sentinel/damnation[an ancient lich] (40)]
 96959 | Zig:25   | Killed an ancient lich
 96959 | Zig:25   | Reached skill level 23 in Evocations
 96960 | Zig:25   | Killed an ancient lich
 96960 | Zig:25   | Reached skill level 13 in Earth Magic
 97279 | Zig:25   | Got a clouded lead ring
 97280 | Zig:25   | Identified the ring of Miracles {rPois rN+ MR+} (You found
                  | it on level 25 of a ziggurat)
 97285 | Zig:25   | Identified the +4 ring mail of the Sun {Str+3} (You found
                  | it on level 25 of a ziggurat)
 97287 | Zig:25   | Identified the +2 leather armour of Plog {rN+ MR+ Str+2}
                  | (You found it on level 25 of a ziggurat)
 97405 | Zig:26   | Entered Level 26 of a ziggurat
 97439 | Zig:26   | Reached skill level 14 in Earth Magic
 97567 | Zig:26   | Found the ring of the Octopus King
 97579 | Zig:26   | Got a ring of the Octopus King
 97620 | Zig:26   | Identified a ring of the Octopus King {rN+ AC+1 EV+1 Str+1
                  | Int+1 Dex+1} (You found it on level 26 of a ziggurat)
 97622 | Zig:26   | Reached skill level 15 in Earth Magic
 97623 | Zig:26   | Reached skill level 16 in Earth Magic
 97624 | Zig:26   | Reached skill level 17 in Earth Magic
 97626 | Zig:27   | Entered Level 27 of a ziggurat
 97753 | Zig:27   | Reached skill level 18 in Earth Magic
 97814 | Zig:27   | Found the +7 Spriggan's Knife {stab, EV+4 Stlth+}
 97815 | Zig:27   | Found the brooch of Shielding {Reflect SH+8}
 97821 | Zig:27   | Got a scintillating jade ring
 97830 | Zig:27   | Got a scintillating marble ring
 97832 | Zig:27   | Got a transparent turquoise ring
 97833 | Zig:27   | Identified the ring "Siaryjio" {Wiz rPois rN+ Int+4} (You
                  | found it on level 27 of a ziggurat)
 97834 | Zig:27   | Identified the ring "Lued" {*Corrode +Blink rF+ EV+3
                  | Slay+2} (You found it on level 27 of a ziggurat)
 97850 | Zig:27   | Gained mutation: Your body sometimes deteriorates upon
                  | taking damage. [mutagenic glow]
 97880 | Zig:27   | Identified the ring "Jien" {rPois Str+5 Dex+2 SInv} (You
                  | found it on level 27 of a ziggurat)
 98233 | Vaults:2 | Bought the +1 pair of boots "Ipupn" {Str+3} for 364 gold
                  | pieces
 98468 | Orc:2    | Bought a manual of Summonings for 1656 gold pieces
 98475 | Orc:2    | Learned a level 5 spell: Aura of Abjuration
 98672 | Pan      | Entered Pandemonium
 98684 | Pan      | Reached skill level 1 in Summonings
 98795 | Pan      | Reached skill level 2 in Summonings
 98809 | Pan      | Identified the amulet "Dawash" {Spirit *Slow +Fly rC++}
                  | (You acquired it in Pandemonium)
 98906 | Pan      | Reached skill level 3 in Summonings
 98922 | Pan      | HP: 73/177 [smoke demon/divine providence (16)]
 99125 | Pan      | Noticed Yrryam the pandemonium lord
 99141 | Pan      | Reached skill level 4 in Summonings
 99239 | Pan      | Got a demonic rune of Zot
 99255 | Pan      | Reached skill level 19 in Earth Magic
 99402 | Pan      | Reached skill level 5 in Summonings
 99452 | Pan      | Found a runed translucent door.
 99595 | Pan      | Entered the realm of Gloorx Vloq.
 99653 | Pan      | Noticed Gloorx Vloq
 99661 | Pan      | Killed Gloorx Vloq
 99661 | Pan      | Reached skill level 6 in Summonings
 99670 | Pan      | Got a dark rune of Zot
 99786 | Pan      | Reached skill level 7 in Summonings
 99948 | Pan      | Gained mutation: Your body often deteriorates upon taking
                  | damage. [a cacodemon]
100086 | Pan      | Reached skill level 25 in Ice Magic
100226 | Pan      | Reached skill level 8 in Summonings
100787 | Pan      | theanonym: !lg goodplayers god=vehumet race=gr|de|op
                  | urune=15 s=race
100930 | Pan      | Reached skill level 9 in Summonings
100932 | Pan      | Noticed Sommus the pandemonium lord
100934 | Pan      | Gained mutation: You are very frail. (-20% HP) [a
                  | cacodemon]
100939 | Pan      | Killed Sommus the pandemonium lord
100996 | Pan      | Entered the realm of Lom Lobon.
100997 | Pan      | theanonym: ??lom lobon
100997 | Pan      | meem: lom lobon[1/3]: Guardian of the magical rune of Zot.
                  | Has some dangerous spells: glaciate, conjure ball
                  | lightning, major healing, tornado, blink range. But is not
                  | particularly robust, normal speed and is rather easy to
                  | steal from. Also, his melee is anti-magic.
100997 | Pan      | theanonym: ??lom lobon[2
100997 | Pan      | meem: lom lobon[2/3]: Made the mistake of building his lair
                  | out of garish green crystal walls. Do him a favor and
                  | rapidly deconstruct them.
100997 | Pan      | theanonym: ??lom lobon[3
100997 | Pan      | meem: lom lobon[3/3]: Consider drinking a potion of flight
                  | before facing him if you're fighting near deep water. His
                  | tornado can throw you into the water, inflicting heavy
                  | draining.
100997 | Pan      | meem: 863 games for goodplayers (god=vehumet race=gr|de|op
                  | urune=15): 535x Deep Elf, 231x Gargoyle, 97x Octopode
101071 | Pan      | Reached skill level 20 in Earth Magic
101196 | Pan      | Reached skill level 10 in Summonings
101318 | Pan      | Noticed Lom Lobon
101340 | Pan      | Killed Lom Lobon
101356 | Pan      | Got a magical rune of Zot
101566 | Pan      | Noticed Puk Yrit the pandemonium lord
101567 | Pan      | Killed Puk Yrit the pandemonium lord
101608 | Pan      | Noticed Kaparghoeru the pandemonium lord
101611 | Pan      | Reached skill level 11 in Summonings
101611 | Pan      | Reached skill level 24 in Evocations
101614 | Pan      | Killed Kaparghoeru the pandemonium lord
101623 | Pan      | Reached skill level 26 in Ice Magic
101649 | Pan      | Entered the realm of Mnoleg.
101649 | Pan      | Noticed Mnoleg
101654 | Pan      | Killed Mnoleg
101654 | Pan      | Reached skill level 23 in Spellcasting
101655 | Pan      | Reached skill level 12 in Summonings
101708 | Pan      | Identified the Guide on Displaced Contamination
101780 | Pan      | Got a glowing rune of Zot
101813 | Pan      | Found an exit through the horrors of the Abyss.
101818 | Pan      | Noticed Gellos the pandemonium lord
101822 | Pan      | Killed Gellos the pandemonium lord
102012 | Pan      | HP: 68/157 [Hell Sentinel/damnation (43)]
102024 | Pan      | HP: 65/157 [burnt (4)]
102029 | Pan      | HP: 60/157 [burnt (3)]
102041 | Pan      | HP: 64/157 [??? (12)]
102161 | Pan      | Noticed Emme the pandemonium lord
102172 | Pan      | Killed Emme the pandemonium lord
102305 | Pan      | Entered the realm of Cerebov.
102361 | Pan      | Identified the +6 long sword "Tibus" {elec, +Inv rN+ MP+9}
                  | (You found it in Pandemonium)
102413 | Pan      | Identified the +6 sword of Cerebov {flame}
102413 | Pan      | Noticed Cerebov
102426 | Pan      | HP: 54/157 [Cerebov/the +6 sword of Cerebov {flame} (40)]
102427 | Pan      | Killed Cerebov
102689 | Pan      | Got a fiery rune of Zot
103084 | Depths:1 | Escaped Pandemonium
103095 | Depths:1 | Lost mutation: Your body often deteriorates upon taking
                  | damage. [potion of mutation]
103095 | Depths:1 | Lost mutation: You are very frail. (-20% HP) [potion of
                  | mutation]
103095 | Depths:1 | Lost mutation: You are frail. (-10% HP) [potion of
                  | mutation]
103095 | Depths:1 | Gained mutation: Armour fits poorly on your strangely
                  | shaped body. [potion of mutation]
103095 | Depths:1 | Gained mutation: You are resistant to hostile enchantments.
                  | (MR+) [potion of mutation]
103096 | Depths:1 | Lost mutation: Your body sometimes deteriorates upon taking
                  | damage. [potion of mutation]
103096 | Depths:1 | Lost mutation: Armour fits poorly on your strangely shaped
                  | body. [potion of mutation]
103096 | Depths:1 | Lost mutation: You are resistant to hostile enchantments.
                  | (MR+) [potion of mutation]
103096 | Depths:1 | Gained mutation: You have sharp fingernails. [potion of
                  | mutation]
103096 | Depths:1 | Gained mutation: Your muscles are strong. (Str +2) [potion
                  | of mutation]
103097 | Depths:1 | Lost mutation: Your muscles are strong. (Str +2) [potion of
                  | mutation]
103097 | Depths:1 | Gained mutation: You are clumsy. (Dex -2) [potion of
                  | mutation]
103097 | Depths:1 | Gained mutation: You are somewhat resistant to further
                  | mutation. [potion of mutation]
103097 | Depths:1 | Lost mutation: You are somewhat resistant to further
                  | mutation. [potion of mutation]
103097 | Depths:1 | Gained mutation: You are partially covered in iridescent
                  | scales. (AC +2) [potion of mutation]
103098 | Depths:1 | Lost mutation: You are clumsy. (Dex -2) [potion of
                  | mutation]
103098 | Depths:1 | Gained mutation: Your mind is acute. (Int +2) [potion of
                  | mutation]
103098 | Depths:1 | Gained mutation: Your body sometimes deteriorates upon
                  | taking damage. [potion of mutation]
103098 | Depths:1 | Gained mutation: You have sharp toenails. [potion of
                  | mutation]
103099 | Depths:1 | Lost mutation: Your body sometimes deteriorates upon taking
                  | damage. [potion of mutation]
103099 | Depths:1 | Lost mutation: You have sharp toenails. [potion of
                  | mutation]
103099 | Depths:1 | Lost mutation: Your mind is acute. (Int +2) [potion of
                  | mutation]
103099 | Depths:1 | Gained mutation: Your body sometimes deteriorates upon
                  | taking damage. [potion of mutation]
103099 | Depths:1 | Gained mutation: You have a pair of small horns on your
                  | head. [potion of mutation]
103100 | Depths:1 | Lost mutation: You are partially covered in iridescent
                  | scales. (AC +2) [potion of mutation]
103100 | Depths:1 | Lost mutation: You have a pair of small horns on your head.
                  | [potion of mutation]
103100 | Depths:1 | Lost mutation: Your body sometimes deteriorates upon taking
                  | damage. [potion of mutation]
103100 | Depths:1 | Lost mutation: You have sharp fingernails. [potion of
                  | mutation]
103100 | Depths:1 | Gained mutation: Scrolls take you a little longer to read.
                  | [potion of mutation]
103100 | Depths:1 | Gained mutation: You are agile. (Dex +2) [potion of
                  | mutation]
103100 | Depths:1 | Gained mutation: You are somewhat resistant to further
                  | mutation. [potion of mutation]
103101 | Depths:1 | Lost mutation: Scrolls take you a little longer to read.
                  | [potion of mutation]
103101 | Depths:1 | Lost mutation: You are agile. (Dex +2) [potion of mutation]
103101 | Depths:1 | Lost mutation: You are somewhat resistant to further
                  | mutation. [potion of mutation]
103101 | Depths:1 | Gained mutation: You have large cloven feet. [potion of
                  | mutation]
103101 | Depths:1 | Gained mutation: Your movements are slightly less
                  | encumbered by armour. (ER -2) [potion of mutation]
103102 | Depths:1 | Lost mutation: You have large cloven feet. [potion of
                  | mutation]
103102 | Depths:1 | Lost mutation: Your movements are slightly less encumbered
                  | by armour. (ER -2) [potion of mutation]
103102 | Depths:1 | Gained mutation: You have a pair of small horns on your
                  | head. [potion of mutation]
103102 | Depths:1 | Gained mutation: You are partially covered in molten
                  | scales. (AC +2) [potion of mutation]
103102 | Depths:1 | Gained mutation: You have sharp fingernails. [potion of
                  | mutation]
103103 | Depths:1 | Lost mutation: You have a pair of small horns on your head.
                  | [potion of mutation]
103103 | Depths:1 | Lost mutation: You are partially covered in molten scales.
                  | (AC +2) [potion of mutation]
103103 | Depths:1 | Lost mutation: You have sharp fingernails. [potion of
                  | mutation]
103103 | Depths:1 | Gained mutation: You have a pair of small horns on your
                  | head. [potion of mutation]
103103 | Depths:1 | Gained mutation: Your body sometimes deteriorates upon
                  | taking damage. [potion of mutation]
103103 | Depths:1 | Gained mutation: Your skin changes colour to match your
                  | surroundings (Stealth+). [potion of mutation]
103104 | Depths:1 | Lost mutation: You have a pair of small horns on your head.
                  | [potion of mutation]
103104 | Depths:1 | Lost mutation: Your body sometimes deteriorates upon taking
                  | damage. [potion of mutation]
103104 | Depths:1 | Lost mutation: Your skin changes colour to match your
                  | surroundings (Stealth+). [potion of mutation]
103104 | Depths:1 | Gained mutation: You have a pair of small antennae on your
                  | head. [potion of mutation]
103104 | Depths:1 | Gained mutation: Your muscles are strong. (Str +2) [potion
                  | of mutation]
103104 | Depths:1 | Gained mutation: You possess an exceptional clarity of
                  | mind. [potion of mutation]
103105 | Depths:1 | theanonym: ??clarity
103105 | Depths:1 | meem: clarity[1/1]: Prevents confusion, unintentional
                  | berserking, sleep, and mesmerization (but not fear). Gods
                  | can and will ignore it and confuse you anyway. Xom
                  | confusion will respect clarity so long as Xom is not
                  | feeling nasty. The amulet of clarity was removed in 0.18.
103190 | Depths:1 | Lost mutation: You possess an exceptional clarity of mind.
                  | [potion of mutation]
103190 | Depths:1 | Gained mutation: You expend magic power (3 MP) to
                  | strengthen your wands. [potion of mutation]
103190 | Depths:1 | Gained mutation: You are resistant to hostile enchantments.
                  | (MR+) [potion of mutation]
103190 | Depths:1 | Gained mutation: Your flesh is cold resistant. (rC+)
                  | [potion of mutation]
103237 | Hell     | Entered the Vestibule of Hell
103238 | Hell     | Noticed Geryon
103243 | Hell     | Killed Geryon
103254 | Hell     | Reached skill level 25 in Evocations
103257 | Hell     | Reached skill level 27 in Ice Magic
103265 | Hell     | Reached skill level 24 in Spellcasting
103493 | Hell     | Found a gateway to the ashen valley of Gehenna.
103499 | Geh:1    | Entered Level 1 of Gehenna
103910 | Geh:5    | Noticed an ancient lich
103915 | Geh:5    | Killed an ancient lich
104037 | Geh:7    | Entered Level 7 of Gehenna
104143 | Geh:7    | Identified the +7 sceptre of Asmodeus
104143 | Geh:7    | Noticed Asmodeus
104154 | Geh:7    | Killed Asmodeus
104193 | Geh:7    | Got an obsidian rune of Zot
104200 | Geh:7    | Malog: Так, что тут у нас
104253 | Hell     | Found a gateway to the freezing wastes of Cocytus.
104254 | Hell     | theanonym: Всё
104254 | Hell     | theanonym: яф
104387 | Hell     | Found a gateway to the decaying netherworld of Tartarus.
104398 | Tar:1    | Entered Level 1 of Tartarus
104446 | Tar:1    | Reached skill level 21 in Earth Magic
104452 | Tar:1    | Reached skill level 26 in Evocations
104500 | Tar:1    | You are sucked into a shaft and drop 1 floor!
104513 | Tar:2    | Reached skill level 25 in Spellcasting
104542 | Tar:3    | Malog: Какой-то ты неправильный маг. Взял, в дыру упал.
104577 | Tar:3    | Malog: Маги пользуются лестницами же. Удобства, все дела.
104774 | Tar:6    | Reached skill level 27 in Fighting
104776 | Tar:7    | Entered Level 7 of Tartarus
104893 | Tar:7    | Got a bone rune of Zot
104970 | Hell     | Found a gateway to the Iron City of Dis.
104980 | Dis:1    | Entered Level 1 of the Iron City of Dis
105170 | Dis:4    | Reached skill level 22 in Earth Magic
105197 | Dis:4    | You are sucked into a shaft and drop 2 floors!
105203 | Dis:7    | Entered Level 7 of the Iron City of Dis
105214 | Dis:7    | Noticed the Serpent of Hell
105218 | Dis:7    | HP: 95/199 [??? (19)]
105219 | Dis:7    | Killed from afar by the Serpent of Hell

Vanquished Creatures
  Cerebov (Pan)
  6 pandemonium lords
  Asmodeus (Geh:7)
  the Royal Jelly (Slime:5)
  Gloorx Vloq (Pan)
  Lom Lobon (Pan)
  Khufu (Crypt:3)
  Mnoleg (Pan)
  The ghost of Dufehei the Brawler, a legendary TrGl of Cheibriados (Zot:4)
  The ghost of Roron the Brawler, a legendary TrGl of Cheibriados (Zot:1)
  13 ancient liches
  Mennas (Depths:4)
  4 orbs of fire
  Mara (Depths:1)
  6 juggernauts
  4 greater mummies
  Frederick (Vaults:5)
  5 Killer Klowns (Zot:5)
  4 shard shrikes (Zig:22)
  Vashnia (Snake:3)
  Bai Suzhen (Crypt:2)
  3 curse toes
  Saint Roka (Orc:2)
  Margery (Depths:4)
  2 caustic shrikes
  The ghost of theanonym the Devastator, a veteran DECj of Vehumet (Vaults:4)
  Geryon (Hell)
  A profane servitor (Crypt:3)
  7 bone dragons
  20 golden dragons
  the Enchantress (Depths:2)
  2 doom hounds
  5 iron giants
  6 Tzitzimimeh
  8 Hell Sentinels
  3 electric golems
  Jorgrun (Swamp:3)
  13 Brimstone Fiends
  The ghost of wizzywiggle the Severer, an adept DsBe of Trog (Vaults:3)
  30 tentacled monstrosities
  5 Ice Fiends
  11 deep elf blademasters
  17 titans
  25 Orb Guardians (Zot:5)
  11 quicksilver dragons
  8 deep elf master archers
  14 liches
  3 tentacled starspawn
  4 ancient champions
  27 acid blobs
  18 Executioners
  13 sphinxes
  20 storm dragons
  13 death cobs
  Agnes (D:14)
  Donald (Orc:2)
  8 shadow dragons
  4 thorn hunters
  Roxanne (Swamp:2)
  The ghost of emperorscorpion the Deadly Accurate, an adept CeHu of Trog (Snake:2)
  The ghost of feelmyfire the Ogre Mage, a journeyman OgIE of Ashenzari (Swamp:1)
  28 nagarajas
  3 revenants
  12 frost giants
  A daeva (Depths:4)
  8 tengu reavers
  21 fire giants
  22 azure jellies
  5 orc warlords
  6 draconian knights
  21 vault wardens
  11 deep elf sorcerers
  12 draconian monks
  2 draconian scorchers (Zot:1)
  6 iron dragons
  A caustic shrike zombie (Zig:24)
  37 balrugs
  A ghost moth (shapeshifter) (Vaults:5)
  10 draconian shifters
  8 warmongers
  7 emperor scorpions
  8 deep elf elementalists (Elf:3)
  An angel (Depths:4)
  19 ghouls
  2 juggernaut zombies
  12 cacodemons
  18 ghost moths
  A draconian stormcaller (Zot:4)
  Aizul (Swamp:1)
  5 draconian annihilators
  4 curse skulls
  5 spriggan defenders
  2 juggernaut skeletons (Zig:22)
  34 reapers
  52 very ugly things
  10 vampire knights
  14 war gargoyles
  An ophan (Abyss:2)
  22 entropy weavers
  7 blood saints (Pan)
  26 stone giants
  23 ironheart preservers
  A stone giant (shapeshifter) (Vaults:5)
  3 black suns
  A caustic shrike skeleton (Zig:24)
  13 green draconians
  19 deep elf demonologists
  17 deep elf annihilators
  7 purple draconians
  8 black draconians
  The ghost of Xieheeq the Nimble, a journeyman SpBe of Trog (Depths:5)
  Azrael (Snake:3)
  2 lorocyprocas
  7 corrupters (Pan)
  11 white draconians
  14 yellow draconians
  10 green deaths
  16 red draconians
  2 minotaurs (Vaults:4)
  14 eidola
  4 jiangshi
  7 merfolk javelineers
  5 spark wasps
  2 crystal guardians (Abyss:4)
  28 blizzard demons
  11 deep elf death magi
  5 merfolk impalers (Zig:20)
  4 death oozes
  A spectral golden dragon (Zot:1)
  2 mummy priests
  10 fire dragons
  13 ettins
  A great orb of eyes (shapeshifter) (Abyss:4)
  16 yaktaur captains
  6 quicksilver dragon zombies
  12 deep elf high priests
  16 great orbs of eyes
  2 quicksilver dragon skeletons
  27 naga warriors
  3 hell beasts
  23 hydras
  Erolcha (D:12)
  32 vault guards
  7 monstrous demonspawn (Pan)
  11 rakshasas
  3 catoblepae
  16 anacondas
  2 juggernaut simulacra
  6 spriggan air magi
  14 ogre magi
  3 ghost crabs (Swamp:4)
  3 shambling mangroves
  10 death knights
  13 ice dragons
  19 alligators
  An anaconda (shapeshifter) (Zig:25)
  14 centaur warriors
  6 merfolk aquamancers (Zig:20)
  A two-headed ogre (shapeshifter) (Elf:3)
  A satyr (Zig:20)
  9 tengu warriors
  A Killer Klown simulacrum (Zot:1)
  8 vampire magi
  49 two-headed ogres
  54 dancing weapons
  13 deep troll shamans
  3 death yaks (Lair:4)
  3 spriggan berserkers (Depths:2)
  6 titan zombies
  23 hell hogs
  8 orc high priests
  11 shock serpents
  21 soul eaters
  6 storm dragon zombies
  7 deep troll earth magi
  29 deep elf knights
  3 iron golems
  Urug (Lair:6)
  12 thrashing horrors
  20 naga sharpshooters
  A shock serpent (shapeshifter) (Abyss:4)
  13 spriggans
  6 titan skeletons
  A fire crab (shapeshifter) (Vaults:1)
  12 wretched stars
  35 sun demons
  9 shadow wraiths
  A spark wasp zombie (Hell)
  26 hell knights
  13 sixfirhies (Pan)
  72 skeletal warriors
  3 salamander mystics
  A deep troll (shapeshifter) (Zig:4)
  7 iron trolls
  A quicksilver dragon simulacrum (Depths:5)
  2 sea snakes (shapeshifter)
  3 death drakes
  A spatial maelstrom (Zig:23)
  10 unseen horrors
  27 deep trolls
  6 sea snakes (Zig:20)
  6 naga ritualists
  3 spriggan druids
  A ghost moth zombie (Geh:7)
  4 cherubim
  15 flayed ghosts
  12 anaconda zombies
  7 glowing orange brains
  13 shadow demons
  A kraken simulacrum (Hell)
  8 gelid demonspawn (Pan)
  6 infernal demonspawn
  10 wizards
  33 deep elf archers
  15 swamp dragons
  2 golden dragon zombies
  7 starcursed masses
  3 torturous demonspawn (Pan)
  A spectral hydra (Swamp:1)
  25 ironbrand convokers
  8 shadow dragon zombies
  2 obsidian statues
  A harpy (D:8)
  18 necromancers
  A tengu zombie (Zig:7)
  Pikel (D:4)
  5 golden dragon skeletons
  A harpy (shapeshifter) (Vaults:4)
  16 orc knights
  An anaconda skeleton (Geh:5)
  4 shadow dragon skeletons
  30 phantasmal warriors
  3 wolf spider zombies
  3 sphinx zombies
  5 iron dragon zombies
  3 stone giant zombies (Hell)
  7 frost giant zombies
  A faun (shapeshifter) (Zig:16)
  14 mana vipers
  8 orc sorcerers
  16 shining eyes
  28 orb spiders
  6 fire giant zombies
  2 worldbinders
  A shining eye (shapeshifter) (Abyss:4)
  2 spectral alligators (Swamp:1)
  113 deep elf magi
  31 wolf spiders
  3 fauns (Zig:20)
  A salamander (shapeshifter) (Elf:2)
  2 sphinx skeletons (Zig:22)
  4 oklob plants
  2 tengu skeletons
  67 ugly things
  6 cyclopes
  3 merfolk sirens (Zig:20)
  37 rust devils
  33 moths of wrath
  3 stone giant skeletons
  7 manticores
  12 salamanders
  A moth of wrath (shapeshifter) (Depths:5)
  2 spriggan zombies
  58 black mambas
  A black mamba (shapeshifter) (Abyss:4)
  7 centaur zombies
  A water nymph (shapeshifter) (Vaults:5)
  5 dire elephant zombies
  3 fire giant skeletons
  3 frost giant skeletons
  4 eyes of devastation
  An iron dragon skeleton (Zig:27)
  6 water nymphs (Zig:20)
  3 molten gargoyles
  9 ice statues
  24 vault sentinels
  8 guardian serpents
  69 smoke demons
  2 apocalypse crabs
  22 naga magi
  7 torpor snails
  A gargoyle (D:15)
  Psyche (D:9)
  6 elf zombies
  A torpor snail (shapeshifter) (Depths:3)
  9 orange demons
  7 elf skeletons
  3 dire elephant skeletons
  6 centaur skeletons
  2 red draconian zombies
  A rime drake (shapeshifter) (Vaults:5)
  2 spriggan skeletons
  2 shock serpent skeletons
  An emperor scorpion zombie (Crypt:3)
  52 yaktaurs
  31 spiny frogs
  35 tormentors
  33 freezing wraiths
  A kobold demonologist (Abyss:2)
  3 rime drakes
  34 hellions
  A catoblepas skeleton (Tar:4)
  2 yaktaur zombies
  48 ice devils
  7 efreet
  2 komodo dragons
  22 hellwings
  23 merfolk (Zig:20)
  3 guardian mummies (Zig:7)
  33 red devils
  19 demonic crawlers
  A sea snake zombie (Crypt:1)
  3 tengu conjurers
  7 hydra zombies
  7 ancient zymes
  8 trolls
  2 meliai (shapeshifter)
  4 harpy zombies
  A silent spectre (Zig:23)
  A troll (shapeshifter) (Abyss:4)
  2 meliai
  A tengu simulacrum (Depths:5)
  18 tyrant leeches
  2 wind drakes (Zig:20)
  12 dream sheep (Lair:6)
  2 hydra skeletons
  9 bog bodies
  147 slime creatures
  3 alligator zombies
  24 hornets
  36 jumping spiders
  A harpy skeleton (Tar:6)
  A hippogriff (shapeshifter) (Depths:5)
  6 raiju
  9 small abominations
  2 fire dragon zombies (Hell)
  A slime creature (shapeshifter) (Zig:14)
  A spectral swamp dragon (Swamp:1)
  5 ettin zombies
  3 ice dragon zombies
  4 snapping turtles (Zig:20)
  A satyr zombie (Crypt:1)
  3 sphinx simulacra
  28 blink frogs
  3 deep troll zombies (Hell)
  6 hippogriffs
  A snapping turtle (shapeshifter) (Vaults:5)
  A human simulacrum (Vaults:2)
  47 flying skulls
  2 black mamba zombies
  2 alligator skeletons
  5 ushabtiu
  Sigmund (D:6)
  4 air elementals
  2 centaur simulacra
  A guardian serpent skeleton (Crypt:1)
  18 shadows
  32 redbacks
  21 tarantellas
  2 fire dragon skeletons
  2 ettin skeletons
  29 water elementals
  30 wraiths
  4 wyverns
  15 ynoxinuls
  31 fire elementals
  A hog (Depths:4)
  5 fire bats
  7 golden eyes
  20 yaks
  A human (shapeshifter) (D:14)
  8 basilisks
  A hog (shapeshifter) (Depths:5)
  Grum (D:10)
  A yaktaur simulacrum (Vaults:1)
  28 neqoxecs
  3 hungry ghosts
  16 chaos spawn
  29 large abominations
  Menkaure (D:5)
  A naga (shapeshifter) (Vaults:5)
  19 vampire mosquitoes
  2 acid dragons
  7 wargs
  An infernal demonspawn zombie (Crypt:2)
  57 nagas
  3 soldier ants
  19 water moccasins
  12 insubstantial wisps
  2 spatial vortices (Abyss:3)
  2 hydra simulacra (Swamp:1)
  38 hell hounds
  A spectral spiny frog (Swamp:1)
  11 swamp worms
  6 porcupines
  2 spiny frog zombies
  A torturous demonspawn skeleton (Geh:3)
  65 orc warriors
  11 swamp drakes
  3 floating eyes
  27 necrophages
  3 sky beasts
  2 swamp dragon zombies
  5 ice beasts
  A spiny frog skeleton (Tar:3)
  4 elf simulacra (Depths:5)
  An eye of draining (shapeshifter) (Zig:25)
  A snapping turtle zombie (Geh:3)
  4 slaves (D:3)
  2 black bears
  9 eyes of draining
  10 phantoms
  5 wolves
  6 centaurs
  20 boggarts
  34 ogres
  A snapping turtle skeleton (Geh:1)
  A swamp dragon skeleton (Geh:1)
  A manticore skeleton (Geh:5)
  10 crocodiles
  7 big kobolds
  Blork the orc (Orc:2)
  2 wyvern zombies
  29 bullfrogs
  A spiny frog simulacrum (Swamp:1)
  5 earth elementals
  A glowing shapeshifter simulacrum (Vaults:3)
  5 wyvern skeletons (Crypt:3)
  6 scorpions
  A troll zombie (Geh:6)
  3 electric eels
  47 wights
  2 howler monkeys
  16 crimson imps
  3 quasits
  4 draconian simulacra (IceCv)
  A bullfrog zombie (D:7)
  2 human zombies
  7 jellies
  30 orc priests
  2 gnoll shamans
  8 hounds
  22 iron imps
  34 orc wizards
  2 bullfrog skeletons (D:12)
  6 hell rats (Hell)
  6 iguanas
  A human skeleton (Crypt:1)
  12 worker ants
  2 spriggan simulacra
  A troll simulacrum (IceCv)
  A demigod zombie (Crypt:2)
  A naga zombie (Crypt:1)
  An ogre zombie (Crypt:3)
  2 deep dwarf zombies
  A dwarf zombie (Crypt:1)
  A crocodile skeleton (Crypt:1)
  8 mummies
  2 hound skeletons (D:4)
  9 gnolls
  A howler monkey skeleton (D:9)
  22 adders
  A naga simulacrum (IceCv)
  2 ogre simulacra (IceCv)
  6 river rats
  18 shadow imps
  14 white imps
  A swamp drake simulacrum (Swamp:1)
  5 ufetubi
  3 oozes
  2 adder skeletons
  An adder zombie (D:9)
  3 worms
  3 ball lightnings (Pan)
  3 dart slugs
  12 leopard geckos
  99 orcs
  5 giant cockroaches
  3 goblins (D:3)
  6 hobgoblins
  16 jackals
  8 quokkas
  8 ball pythons
  3 bats
  A dart slug zombie (Crypt:2)
  8 frilled lizards
  16 kobolds
  A kobold skeleton (Geh:4)
  An orc skeleton (Geh:1)
  An orc zombie (Geh:5)
  A quokka skeleton (D:6)
  31 rats
  167 blocks of ice
  A bush (Lair:2)
  2 fire vortices (Geh:7)
  3 fungi (Lair:6)
  2 lurking horrors (Abyss:4)
  40 plants
  3 starspawn tentacles
  2 tentacles (Hell)
  9 withered plants (Crypt:3)
5188 creatures vanquished.

Vanquished Creatures (collateral kills)
  A hell hog (Zig:23)
  A wretched star (Zig:23)
  A spatial maelstrom (Zig:23)
  2 smoke demons (Zig:23)
  A hellion (Zig:23)
  An ancient zyme (Zig:23)
  A silent spectre (Zig:23)
  2 raiju (Zig:23)
  2 large abominations (Zig:23)
  A neqoxec (Zig:23)
  2 chaos spawn (Zig:23)
  A small abomination (Zig:23)
16 creatures vanquished.

Vanquished Creatures (others)
  2 deep elf master archers (Elf:3)
  A yaktaur captain (Depths:5)
  A green death (Pan)
  5 naga sharpshooters (Snake:4)
  A deep elf archer (Elf:3)
  A spiny frog (Swamp:4)
  A hellion (Zig:23)
  2 insubstantial wisps (Swamp:4)
  A small abomination (Zig:23)
  A vampire bat (Depths:4)
  A human zombie (Geh:5)
  2 white imps (Abyss:3)
  A ball lightning (Geh:5)
  702 blocks of ice
  14 bushes
  15 fungi
  65 plants
  A starspawn tentacle (Zig:23)
  2 tentacles (Hell)
  5 toadstools (D:1)
  5 withered plants (Crypt:3)
829 creatures vanquished.

Grand Total: 6033 creatures vanquished

Table legend:
 A = Turns spent in this place as a percentage of turns spent in the entire game.
 B = Non-inter-level travel turns spent in this place as a percentage of non-inter-level travel turns spent in the entire game.
 C = Inter-level travel turns spent in this place as a percentage of turns spent in this place.
 D = Turns resting spent in this place as a percentage of non-inter-level travel turns spent in this place.
 E = Turns spent auto-exploring this place as a percentage of non-inter-level travel turns spent in this place.
 F = Non-inter-level travel turns spent in this place divided by the number of levels of this place that you've seen.
                   A       B       C       D       E      F
               +-------+-------+-------+-------+-------+----------------------
         Total | 100.0 | 100.0 |   7.9 |  37.3 |  40.3 | 745.8
       Dungeon |  20.4 |  19.0 |  14.5 |  31.9 |  50.8 | 1226.6
        Temple |   0.4 |   0.4 |  13.4 |  21.8 |  70.6 | 344.0
          Lair |  11.5 |  11.8 |   6.1 |  50.7 |  36.6 | 1900.5
         Swamp |   7.2 |   7.7 |   2.0 |  56.9 |  28.5 | 1858.2
     Snake Pit |   8.8 |   9.2 |   2.8 |  38.5 |  45.7 | 2241.5
    Slime Pits |   0.9 |   1.0 |   7.1 |  51.6 |   0.0 | 185.4
  Orcish Mines |   3.3 |   3.0 |  16.4 |  41.1 |  41.1 | 1444.5
   Elven Halls |   6.6 |   6.8 |   5.1 |  51.0 |  35.7 | 2205.3
        Vaults |  10.7 |  10.3 |  11.7 |  34.9 |  42.7 | 1996.4
         Crypt |   4.0 |   4.0 |   6.1 |  28.1 |  49.0 | 1308.3
        Depths |   7.9 |   7.4 |  13.9 |  21.0 |  58.7 | 1429.6
          Hell |   0.4 |   0.4 |   0.0 |  16.8 |   7.9 | 392.0
           Dis |   0.2 |   0.2 |   0.0 |   0.0 |  17.6 |  39.8
       Gehenna |   0.7 |   0.7 |   1.3 |   1.1 |   0.6 | 100.4
      Tartarus |   0.5 |   0.5 |   0.0 |   0.0 |   7.7 |  75.7
           Zot |   5.8 |   6.1 |   3.6 |  34.9 |  44.6 | 1179.4
         Abyss |   1.3 |   1.4 |   0.0 |  25.4 |  29.9 | 268.0
   Pandemonium |   4.2 |   4.6 |   0.0 |  29.2 |  23.0 | 275.8
      Ziggurat |   3.1 |   3.3 |   0.0 |  24.6 |  14.1 | 119.9
         Trove |   0.0 |   0.1 |   0.0 |   0.0 |  66.0 |  50.0
         Sewer |   1.0 |   1.1 |   0.0 |  56.1 |  20.2 | 1057.0
      Ice Cave |   1.0 |   1.1 |   0.0 |  48.7 |  25.0 | 1062.0
               +-------+-------+-------+-------+-------+----------------------
